Workbook
Name __xlnm.Print_Titles_2: #REF!
Name __xlnm.Print_Titles_2: #REF!
Name __xlnm.Print_Titles_2: #REF!
Name __xlnm.Print_Titles_2: #REF!
Name Excel_BuiltIn_Print_Titles_2_1: #REF!
Name Excel_BuiltIn_Print_Titles_2_1: #REF!
Name Excel_BuiltIn_Print_Titles_2_1: #REF!
Name Excel_BuiltIn_Print_Titles_2_1: #REF!

Sheet P.O. CALÇADAS E BOLSÃO 
E2: Prefeitura Municipal de Pontal do Paraná
E3: Secretaria Municipal de Planejamento Urbano e Infraestrutura
B6: Obra: | E6: URBANIZAÇÃO DE CALÇADAS - AV. DEP. ANIBAL KHURY - PROJETO ORLA | I6: Data: | K6: =TODAY() -> 46322
B7: Local: | E7: AV. DEP. ANIBAL KHURY - PROJETO ORLA | I7: BDI (%): | K7: ='BDI SERVIÇOS'!C23 -> 0.207
B8: Referência de Preços: | E8: Sinapi - jun/26 | I8: Valor Total Global c/ BDI: | K8: =K12 -> 2615069.1 | M8: =SUM(M10:M75) -> 2615069.1
B10: PLANILHA ORÇAMENTÁRIA
A11: x
A12: x | B12: CONSTRUÇÃO DE CALÇADAS E BOLSÕES DE ESTACIONAMENTO - ORLA | J12: VALOR TOTAL DO LOTE | K12: =SUM(K14,K23,K43) -> 2615069.1
A13: x
A14: x | B14: 1 | C14: SERVIÇOS COMPLEMENTARES | J14: VALOR SUBTOTAL | K14: =SUM(K17:K22) -> 47662.87
A15: x
A16: x | B16: Ítem | C16: Origem | D16: Código | E16: Descrição dos serviços | F16: Unid. | G16: Quant. | H16: Unitário s/ BDI | I16: Total s/ BDI | J16: Unitário c/ BDI | K16: Total c/ BDI
A17: =IF(G17>0,"x","") -> x | B17: 1.1 | C17: SINAPI | D17: 103689 | E17: =UPPER(IF($D17<>"",VLOOKUP($D17,CSD!$B$11:$E$15000,2,FALSE),"")) -> FORNECIMENTO E INSTALAÇÃO DE PLACA DE OBRA COM CHAPA GALVANIZADA E ESTRUTURA DE MADEIRA. AF_03/2022_PS | F17: =UPPER(IF($D17<>"",VLOOKUP($D17,CSD!$B$11:$E$15000,3,FALSE),"")) -> M2 | G17: =ROUND(1.2*2.4,2) -> 2.88 | H17: =IF($D17<>"",VLOOKUP($D17,CSD!$B$11:$E$15000,4,FALSE),"") -> 508.54 | I17: =IF(G17=0,"",ROUND(G17*H17,2)) -> 1464.6 | J17: =IF(G17=0,"",ROUND(H17*(1+'BDI SERVIÇOS'!$C$23),2)) -> 613.81 | K17: =IF(G17=0,"",ROUND(G17*J17,2)) -> 1767.77 | M17: =IF(G17=0,"",ROUND(G17*J17,2)) -> 1767.77
A18: =IF(G18>0,"x","") -> x | B18: 1.6 | C18: PMPP | D18: =Composições!B11 -> CP-01 | E18: =Composições!C11 -> LOCAÇÃO DE 01 CONTAINER 2,30 X 6,00 M, ALT. 2,50 M, COM 1 SANITÁRIO, PARA ESCRITÓRIO/ALMOXARIFADO, COMPLETO, SEM DIVISÓRIAS INTERNAS. | F18: =Composições!H11 -> MÊS | G18: 6 | H18: =Composições!J11 -> 1000 | I18: =IF(G18=0,"",ROUND(G18*H18,2)) -> 6000 | J18: =IF(G18=0,"",ROUND(H18*(1+'BDI SERVIÇOS'!$C$23),2)) -> 1207 | K18: =IF(G18=0,"",ROUND(G18*J18,2)) -> 7242 | M18: =IF(G18=0,"",ROUND(G18*J18,2)) -> 7242
A19: =IF(G19>0,"x","") -> x | B19: 1.7 | C19: PMPP | D19: =Composições!B24 -> CP-02 | E19: =Composições!C24 -> LOCAÇÃO DE OBRA | F19: =Composições!H24 -> M2 | G19: 21041.05 | H19: =Composições!J24 -> 1.5 | I19: =IF(G19=0,"",ROUND(G19*H19,2)) -> 31561.58 | J19: =IF(G19=0,"",ROUND(H19*(1+'BDI SERVIÇOS'!$C$23),2)) -> 1.81 | K19: =IF(G19=0,"",ROUND(G19*J19,2)) -> 38084.3 | M19: =IF(G19=0,"",ROUND(G19*J19,2)) -> 38084.3
A20: =IF(G20>0,"x","") -> x | B20: 1.8 | C20: SINAPI | D20: 100952 | E20: =UPPER(IF($D20<>"",VLOOKUP($D20,CSD!$B$11:$E$15000,2,FALSE),"")) -> TRANSPORTE COM CAMINHÃO CARROCERIA COM GUINDAUTO (MUNCK), MOMENTO MÁXIMO DE CARGA 11,7 TM, EM VIA URBANA PAVIMENTADA, DMT ATÉ 30KM (UNIDADE: TXKM). AF_02/2026 | F20: =UPPER(IF($D20<>"",VLOOKUP($D20,CSD!$B$11:$E$15000,3,FALSE),"")) -> TXKM | G20: =ROUND(30*2*2.4,2) -> 144 | H20: =IF($D20<>"",VLOOKUP($D20,CSD!$B$11:$E$15000,4,FALSE),"") -> 3.27 | I20: =IF(G20=0,"",ROUND(G20*H20,2)) -> 470.88 | J20: =IF(G20=0,"",ROUND(H20*(1+'BDI SERVIÇOS'!$C$23),2)) -> 3.95 | K20: =IF(G20=0,"",ROUND(G20*J20,2)) -> 568.8 | M20: =IF(G20=0,"",ROUND(G20*J20,2)) -> 568.8
A21: =IF(G21>0,"x","") | B21: 1.9 | E21: =UPPER(IF($D21<>"",VLOOKUP($D21,CSD!$B$11:$E$15000,2,FALSE),"")) | F21: =UPPER(IF($D21<>"",VLOOKUP($D21,CSD!$B$11:$E$15000,3,FALSE),"")) | H21: =IF($D21<>"",VLOOKUP($D21,CSD!$B$11:$E$15000,4,FALSE),"") | I21: =IF(G21=0,"",ROUND(G21*H21,2)) | J21: =IF(G21=0,"",ROUND(H21*(1+'BDI SERVIÇOS'!$C$23),2)) | K21: =IF(G21=0,"",ROUND(G21*J21,2)) | M21: =IF(G21=0,"",ROUND(G21*J21,2))
A22: =IF(G22>0,"x","") | B22: 1.10 | E22: =UPPER(IF($D22<>"",VLOOKUP($D22,CSD!$B$11:$E$15000,2,FALSE),"")) | F22: =UPPER(IF($D22<>"",VLOOKUP($D22,CSD!$B$11:$E$15000,3,FALSE),"")) | H22: =IF($D22<>"",VLOOKUP($D22,CSD!$B$11:$E$15000,4,FALSE),"") | I22: =IF(G22=0,"",ROUND(G22*H22,2)) | J22: =IF(G22=0,"",ROUND(H22*(1+'BDI SERVIÇOS'!$C$23),2)) | K22: =IF(G22=0,"",ROUND(G22*J22,2)) | M22: =IF(G22=0,"",ROUND(G22*J22,2))
A23: X | B23: =B14+1 -> 2 | C23: SERVIÇOS DE URBANIZAÇÃO | J23: VALOR SUBTOTAL | K23: =SUM(K26:K42) -> 1656581.9 | M23: =IF(G23=0,"",ROUND(G23*J23,2))
A24: X | M24: =IF(G24=0,"",ROUND(G24*J24,2))
A25: =IF(G25>0,"x","") -> x | B25: Ítem | C25: Origem | D25: Código | E25: Descrição dos serviços | F25: Unid. | G25: Quant. | H25: Unitário s/ BDI | I25: Total s/ BDI | J25: Unitário c/ BDI | K25: Total c/ BDI
A26: =IF(G26>0,"x","") -> x | B26: 2.1 | C26: SINAPI | D26: 104790 | E26: =UPPER(IF($D26<>"",VLOOKUP($D26,CSD!$B$11:$E$15000,2,FALSE),"")) -> DEMOLIÇÃO DE PISO DE CONCRETO SIMPLES, DE FORMA MECANIZADA COM MARTELETE, SEM REAPROVEITAMENTO. AF_09/2023 | F26: =UPPER(IF($D26<>"",VLOOKUP($D26,CSD!$B$11:$E$15000,3,FALSE),"")) -> M3 | G26: 428.97 | H26: =IF($D26<>"",VLOOKUP($D26,CSD!$B$11:$E$15000,4,FALSE),"") -> 135.23 | I26: =IF(G26=0,"",ROUND(G26*H26,2)) -> 58009.61 | J26: =IF(G26=0,"",ROUND(H26*(1+'BDI SERVIÇOS'!$C$23),2)) -> 163.22 | K26: =IF(G26=0,"",ROUND(G26*J26,2)) -> 70016.48 | M26: =IF(G26=0,"",ROUND(G26*J26,2)) -> 70016.48
A27: =IF(G27>0,"x","") -> x | B27: 2.2 | C27: PMPP | D27: =Composições!B50 -> CP-04 | E27: =Composições!C50 -> REMOÇÃO PISO INTERTRAVADO EM CONCRETO | F27: =Composições!H50 -> M2 | G27: 2978.9275 | H27: =Composições!J50 -> 5.03 | I27: =IF(G27=0,"",ROUND(G27*H27,2)) -> 14984.01 | J27: =IF(G27=0,"",ROUND(H27*(1+'BDI SERVIÇOS'!$C$23),2)) -> 6.07 | K27: =IF(G27=0,"",ROUND(G27*J27,2)) -> 18082.09 | M27: =IF(G27=0,"",ROUND(G27*J27,2)) -> 18082.09
A28: =IF(G28>0,"x","") -> x | B28: 2.3 | C28: SINAPI | D28: 100983 | E28: =UPPER(IF($D28<>"",VLOOKUP($D28,CSD!$B$11:$E$15000,2,FALSE),"")) -> CARGA, MANOBRA E DESCARGA DE ENTULHO EM CAMINHÃO BASCULANTE 14 M³ - CARGA COM ESCAVADEIRA HIDRÁULICA (CAÇAMBA DE 0,80 M³ / 111 HP) E DESCARGA LIVRE (UNIDADE: M3). AF_02/2026 | F28: =UPPER(IF($D28<>"",VLOOKUP($D28,CSD!$B$11:$E$15000,3,FALSE),"")) -> M3 | G28: =ROUND((G26+G27*0.06)*1.25,2) -> 759.63 | H28: =IF($D28<>"",VLOOKUP($D28,CSD!$B$11:$E$15000,4,FALSE),"") -> 10 | I28: =IF(G28=0,"",ROUND(G28*H28,2)) -> 7596.3 | J28: =IF(G28=0,"",ROUND(H28*(1+'BDI SERVIÇOS'!$C$23),2)) -> 12.07 | K28: =IF(G28=0,"",ROUND(G28*J28,2)) -> 9168.73 | M28: =IF(G28=0,"",ROUND(G28*J28,2)) -> 9168.73
A29: =IF(G29>0,"x","") -> x | B29: 2.4 | C29: SINAPI | D29: 95876 | E29: =UPPER(IF($D29<>"",VLOOKUP($D29,CSD!$B$11:$E$15000,2,FALSE),"")) -> TRANSPORTE COM CAMINHÃO BASCULANTE DE 14 M³, EM VIA URBANA PAVIMENTADA, DMT ATÉ 30 KM (UNIDADE: M3XKM). AF_02/2026 | F29: =UPPER(IF($D29<>"",VLOOKUP($D29,CSD!$B$11:$E$15000,3,FALSE),"")) -> M3XKM | G29: =ROUND(G28*3,2) -> 2278.89 | H29: =IF($D29<>"",VLOOKUP($D29,CSD!$B$11:$E$15000,4,FALSE),"") -> 2.52 | I29: =IF(G29=0,"",ROUND(G29*H29,2)) -> 5742.8 | J29: =IF(G29=0,"",ROUND(H29*(1+'BDI SERVIÇOS'!$C$23),2)) -> 3.04 | K29: =IF(G29=0,"",ROUND(G29*J29,2)) -> 6927.83 | M29: =IF(G29=0,"",ROUND(G29*J29,2)) -> 6927.83
A30: =IF(G30>0,"x","") -> x | B30: 2.5 | C30: PMPP | D30: =Composições!B76 -> CP-06 | E30: =Composições!C76 -> EXECUÇÃO E COMPACTAÇÃO DE ATERRO - INCLUSIVE SOLO, CARGA E TRANSPORTE | F30: =Composições!H76 -> M3 | G30: =ROUND(G34*0.05,2) -> 597.3 | H30: =Composições!J76 -> 123.48 | I30: =IF(G30=0,"",ROUND(G30*H30,2)) -> 73754.6 | J30: =IF(G30=0,"",ROUND(H30*(1+'BDI SERVIÇOS'!$C$23),2)) -> 149.04 | K30: =IF(G30=0,"",ROUND(G30*J30,2)) -> 89021.59 | M30: =IF(G30=0,"",ROUND(G30*J30,2)) -> 89021.59
A31: =IF(G31>0,"x","") -> x | B31: 2.7 | C31: DER/PRC | D31: 530200 | E31: BICA CORRIDA | F31: M3 | G31: =ROUND(G34*0.05,2) -> 597.3 | H31: 172.08 | I31: =IF(G31=0,"",ROUND(G31*H31,2)) -> 102783.38 | J31: =IF(G31=0,"",ROUND(H31*(1+'BDI SERVIÇOS'!$C$23),2)) -> 207.7 | K31: =IF(G31=0,"",ROUND(G31*J31,2)) -> 124059.21 | M31: =IF(G31=0,"",ROUND(G31*J31,2)) -> 124059.21
A32: =IF(G32>0,"x","") -> x | B32: 2.8 | C32: SINAPI | D32: 105004 | E32: =UPPER(IF($D32<>"",VLOOKUP($D32,CSD!$B$11:$E$15000,2,FALSE),"")) -> RAMPA DE ACESSIBILIDADE EM CONCRETO MOLDADO IN LOCO, EM CALÇADA NOVA COM LARGURA MENOR À 3,00 M, FCK 25MPA, COM PISO PODOTÁTIL. AF_03/2024 | F32: =UPPER(IF($D32<>"",VLOOKUP($D32,CSD!$B$11:$E$15000,3,FALSE),"")) -> M2 | G32: =ROUND(137*3+7*11.5+2*7.5+4.57,2) -> 511.07 | H32: =IF($D32<>"",VLOOKUP($D32,CSD!$B$11:$E$15000,4,FALSE),"") -> 148.12 | I32: =IF(G32=0,"",ROUND(G32*H32,2)) -> 75699.69 | J32: =IF(G32=0,"",ROUND(H32*(1+'BDI SERVIÇOS'!$C$23),2)) -> 178.78 | K32: =IF(G32=0,"",ROUND(G32*J32,2)) -> 91369.09 | M32: =IF(G32=0,"",ROUND(G32*J32,2)) -> 91369.09
A33: =IF(G33>0,"x","") -> x | B33: 2.9 | C33: SINAPI | D33: 104658 | E33: =UPPER(IF($D33<>"",VLOOKUP($D33,CSD!$B$11:$E$15000,2,FALSE),"")) -> PISO PODOTÁTIL DE ALERTA OU DIRECIONAL, DE CONCRETO, ASSENTADO SOBRE ARGAMASSA. AF_03/2024 | F33: =UPPER(IF($D33<>"",VLOOKUP($D33,CSD!$B$11:$E$15000,3,FALSE),"")) -> M2 | G33: =ROUND(455.05+175.9+635.6,2) -> 1266.55 | H33: =IF($D33<>"",VLOOKUP($D33,CSD!$B$11:$E$15000,4,FALSE),"") -> 158.55 | I33: =IF(G33=0,"",ROUND(G33*H33,2)) -> 200811.5 | J33: =IF(G33=0,"",ROUND(H33*(1+'BDI SERVIÇOS'!$C$23),2)) -> 191.37 | K33: =IF(G33=0,"",ROUND(G33*J33,2)) -> 242379.67 | M33: =IF(G33=0,"",ROUND(G33*J33,2)) -> 242379.67
A34: =IF(G34>0,"x","") -> x | B34: 2.10 | C34: PMPP | D34: =Composições!B63 -> CP-05 | E34: =Composições!C63 -> EXECUÇÃO DE PASSEIO (CALÇADA) OU PISO DE CONCRETO COM CONCRETO MOLDADO IN LOCO, USINADO, ACABAMENTO CONVENCIONAL, ESPESSURA 6 CM, ARMADO COM TELA Q-138. | F34: =Composições!H63 -> M2 | G34: 11945.97 | H34: =Composições!J63 -> 64.44 | I34: =IF(G34=0,"",ROUND(G34*H34,2)) -> 769798.31 | J34: =IF(G34=0,"",ROUND(H34*(1+'BDI SERVIÇOS'!$C$23),2)) -> 77.78 | K34: =IF(G34=0,"",ROUND(G34*J34,2)) -> 929157.55 | M34: =IF(G34=0,"",ROUND(G34*J34,2)) -> 929157.55
A35: =IF(G35>0,"x","") -> x | B35: 2.11 | C35: SINAPI | D35: 97114 | E35: =UPPER(IF($D35<>"",VLOOKUP($D35,CSD!$B$11:$E$15000,2,FALSE),"")) -> EXECUÇÃO DE JUNTAS DE CONTRAÇÃO PARA PAVIMENTOS DE CONCRETO. AF_04/2022 | F35: =UPPER(IF($D35<>"",VLOOKUP($D35,CSD!$B$11:$E$15000,3,FALSE),"")) -> M | G35: =ROUND((G34/2.5)/3*2.5,2) -> 3981.99 | H35: =IF($D35<>"",VLOOKUP($D35,CSD!$B$11:$E$15000,4,FALSE),"") -> 0.54 | I35: =IF(G35=0,"",ROUND(G35*H35,2)) -> 2150.27 | J35: =IF(G35=0,"",ROUND(H35*(1+'BDI SERVIÇOS'!$C$23),2)) -> 0.65 | K35: =IF(G35=0,"",ROUND(G35*J35,2)) -> 2588.29 | M35: =IF(G35=0,"",ROUND(G35*J35,2)) -> 2588.29
A36: =IF(G36>0,"x","") -> x | B36: 2.12 | C36: SINAPI | D36: 103946 | E36: =UPPER(IF($D36<>"",VLOOKUP($D36,CSD!$B$11:$E$15000,2,FALSE),"")) -> PLANTIO DE GRAMA ESMERALDA OU SÃO CARLOS OU CURITIBANA, EM PLACAS. AF_07/2024 | F36: =UPPER(IF($D36<>"",VLOOKUP($D36,CSD!$B$11:$E$15000,3,FALSE),"")) -> M2 | G36: 4009.31 | H36: =IF($D36<>"",VLOOKUP($D36,CSD!$B$11:$E$15000,4,FALSE),"") -> 15.25 | I36: =IF(G36=0,"",ROUND(G36*H36,2)) -> 61141.98 | J36: =IF(G36=0,"",ROUND(H36*(1+'BDI SERVIÇOS'!$C$23),2)) -> 18.41 | K36: =IF(G36=0,"",ROUND(G36*J36,2)) -> 73811.4 | M36: =IF(G36=0,"",ROUND(G36*J36,2)) -> 73811.4
A37: =IF(G37>0,"x","") | B37: 2.13 | C37: SINAPI | E37: =UPPER(IF($D37<>"",VLOOKUP($D37,CSD!$B$11:$E$15000,2,FALSE),"")) | F37: =UPPER(IF($D37<>"",VLOOKUP($D37,CSD!$B$11:$E$15000,3,FALSE),"")) | H37: =IF($D37<>"",VLOOKUP($D37,CSD!$B$11:$E$15000,4,FALSE),"") | I37: =IF(G37=0,"",ROUND(G37*H37,2)) | J37: =IF(G37=0,"",ROUND(H37*(1+'BDI SERVIÇOS'!$C$23),2)) | K37: =IF(G37=0,"",ROUND(G37*J37,2)) | M37: =IF(G37=0,"",ROUND(G37*J37,2))
A38: =IF(G38>0,"x","") | B38: 2.14 | C38: SINAPI | E38: =UPPER(IF($D38<>"",VLOOKUP($D38,CSD!$B$11:$E$15000,2,FALSE),"")) | F38: =UPPER(IF($D38<>"",VLOOKUP($D38,CSD!$B$11:$E$15000,3,FALSE),"")) | H38: =IF($D38<>"",VLOOKUP($D38,CSD!$B$11:$E$15000,4,FALSE),"") | I38: =IF(G38=0,"",ROUND(G38*H38,2)) | J38: =IF(G38=0,"",ROUND(H38*(1+'BDI SERVIÇOS'!$C$23),2)) | K38: =IF(G38=0,"",ROUND(G38*J38,2)) | M38: =IF(G38=0,"",ROUND(G38*J38,2))
A39: =IF(G39>0,"x","") | B39: 2.15 | C39: SINAPI | E39: =UPPER(IF($D39<>"",VLOOKUP($D39,CSD!$B$11:$E$15000,2,FALSE),"")) | F39: =UPPER(IF($D39<>"",VLOOKUP($D39,CSD!$B$11:$E$15000,3,FALSE),"")) | H39: =IF($D39<>"",VLOOKUP($D39,CSD!$B$11:$E$15000,4,FALSE),"") | I39: =IF(G39=0,"",ROUND(G39*H39,2)) | J39: =IF(G39=0,"",ROUND(H39*(1+'BDI SERVIÇOS'!$C$23),2)) | K39: =IF(G39=0,"",ROUND(G39*J39,2)) | M39: =IF(G39=0,"",ROUND(G39*J39,2))
A40: =IF(G40>0,"x","") | B40: 2.16 | C40: SINAPI | E40: =UPPER(IF($D40<>"",VLOOKUP($D40,CSD!$B$11:$E$15000,2,FALSE),"")) | F40: =UPPER(IF($D40<>"",VLOOKUP($D40,CSD!$B$11:$E$15000,3,FALSE),"")) | H40: =IF($D40<>"",VLOOKUP($D40,CSD!$B$11:$E$15000,4,FALSE),"") | I40: =IF(G40=0,"",ROUND(G40*H40,2)) | J40: =IF(G40=0,"",ROUND(H40*(1+'BDI SERVIÇOS'!$C$23),2)) | K40: =IF(G40=0,"",ROUND(G40*J40,2)) | M40: =IF(G40=0,"",ROUND(G40*J40,2))
A41: =IF(G41>0,"x","") | B41: 2.17 | C41: SINAPI | E41: =UPPER(IF($D41<>"",VLOOKUP($D41,CSD!$B$11:$E$15000,2,FALSE),"")) | F41: =UPPER(IF($D41<>"",VLOOKUP($D41,CSD!$B$11:$E$15000,3,FALSE),"")) | H41: =IF($D41<>"",VLOOKUP($D41,CSD!$B$11:$E$15000,4,FALSE),"") | I41: =IF(G41=0,"",ROUND(G41*H41,2)) | J41: =IF(G41=0,"",ROUND(H41*(1+'BDI SERVIÇOS'!$C$23),2)) | K41: =IF(G41=0,"",ROUND(G41*J41,2)) | M41: =IF(G41=0,"",ROUND(G41*J41,2))
A42: =IF(G42>0,"x","") | B42: 2.18 | E42: =UPPER(IF($D42<>"",VLOOKUP($D42,CSD!$B$11:$E$15000,2,FALSE),"")) | F42: =UPPER(IF($D42<>"",VLOOKUP($D42,CSD!$B$11:$E$15000,3,FALSE),"")) | H42: =IF($D42<>"",VLOOKUP($D42,CSD!$B$11:$E$15000,4,FALSE),"") | I42: =IF(G42=0,"",ROUND(G42*H42,2)) | J42: =IF(G42=0,"",ROUND(H42*(1+'BDI SERVIÇOS'!$C$23),2)) | K42: =IF(G42=0,"",ROUND(G42*J42,2)) | M42: =IF(G42=0,"",ROUND(G42*J42,2))
A43: X | B43: =B23+1 -> 3 | C43: EXECUÇÃO DE PAVIMENTAÇÃO EM BOLSÕES E TRAVESSIAS | J43: VALOR SUBTOTAL | K43: =SUM(K46:K62) -> 910824.26 | M43: =IF(G43=0,"",ROUND(G43*J43,2))
A44: X | M44: =IF(G44=0,"",ROUND(G44*J44,2))
A45: =IF(G45>0,"x","") -> x | B45: Ítem | C45: Origem | D45: Código | E45: Descrição dos serviços | F45: Unid. | G45: Quant. | H45: Unitário s/ BDI | I45: Total s/ BDI | J45: Unitário c/ BDI | K45: Total c/ BDI
A46: =IF(G46>0,"x","") -> x | B46: 3.1 | C46: DER/PRC | D46: 520100B | E46: ESCAVAÇÃO, CARGA E TRANSP. 1ª CAT. | F46: M3 | G46: =ROUND(G53*0.35,2) -> 1728.86 | H46: 8.78 | I46: =IF(G46=0,"",ROUND(G46*H46,2)) -> 15179.39 | J46: =IF(G46=0,"",ROUND(H46*(1+'BDI SERVIÇOS'!$C$23),2)) -> 10.6 | K46: =IF(G46=0,"",ROUND(G46*J46,2)) -> 18325.92 | M46: =IF(G46=0,"",ROUND(G46*J46,2)) -> 18325.92
A47: =IF(G47>0,"x","") -> x | B47: 3.2 | C47: PMPP | D47: CP-03 | E47: =Composições!$C$37 -> REMOÇÃO DE GUIAS PRÉ-FABRICADAS DE CONCRETO | F47: M | G47: 1218 | H47: =Composições!$J$37 -> 5.77 | I47: =IF(G47=0,"",ROUND(G47*H47,2)) -> 7027.86 | J47: =IF(G47=0,"",ROUND(H47*(1+'BDI SERVIÇOS'!$C$23),2)) -> 6.96 | K47: =IF(G47=0,"",ROUND(G47*J47,2)) -> 8477.28 | M47: =IF(G47=0,"",ROUND(G47*J47,2)) -> 8477.28
A48: =IF(G48>0,"x","") -> x | B48: 3.3 | C48: DER/PRC | D48: 511100A | E48: REGULARIZAÇÃO COMPAC.SUBLEITO 100% PN | F48: M2 | G48: =ROUND(G53+G51*0.12+G52*0.12,2) -> 5085.77 | H48: 4.08 | I48: =IF(G48=0,"",ROUND(G48*H48,2)) -> 20749.94 | J48: =IF(G48=0,"",ROUND(H48*(1+'BDI SERVIÇOS'!$C$23),2)) -> 4.92 | K48: =IF(G48=0,"",ROUND(G48*J48,2)) -> 25021.99 | M48: =IF(G48=0,"",ROUND(G48*J48,2)) -> 25021.99
A49: =IF(G49>0,"x","") -> x | B49: 3.4 | C49: DER/PRC | D49: 530200 | E49: BICA CORRIDA | F49: M3 | G49: =ROUND(((1515.16+483.38+G51*0.12+G52*0.12+2941.07)*0.15),2) -> 762.87 | H49: 172.08 | I49: =IF(G49=0,"",ROUND(G49*H49,2)) -> 131274.67 | J49: =IF(G49=0,"",ROUND(H49*(1+'BDI SERVIÇOS'!$C$23),2)) -> 207.7 | K49: =IF(G49=0,"",ROUND(G49*J49,2)) -> 158448.1 | M49: =IF(G49=0,"",ROUND(G49*J49,2)) -> 158448.1
A50: =IF(G50>0,"x","") -> x | B50: 3.5 | C50: DER/PRC | D50: 531350 | E50: MACADAME SECO C/ BICA CORRIDA | F50: M3 | G50: =ROUND(((1515.16+483.38+G51*0.12+G52*0.12+2941.07)*0.15),2) -> 762.87 | H50: 175.19 | I50: =IF(G50=0,"",ROUND(G50*H50,2)) -> 133647.2 | J50: =IF(G50=0,"",ROUND(H50*(1+'BDI SERVIÇOS'!$C$23),2)) -> 211.45 | K50: =IF(G50=0,"",ROUND(G50*J50,2)) -> 161308.86 | M50: =IF(G50=0,"",ROUND(G50*J50,2)) -> 161308.86
A51: =IF(G51>0,"x","") -> x | B51: 3.6 | C51: DER/PRC | D51: 810250 | E51: MEIO FIO DE CONCRETO TIPO 3 (PRÉ-MOLDADO) | F51: M | G51: 1053 | H51: 39.2 | I51: =IF(G51=0,"",ROUND(G51*H51,2)) -> 41277.6 | J51: =IF(G51=0,"",ROUND(H51*(1+'BDI SERVIÇOS'!$C$23),2)) -> 47.31 | K51: =IF(G51=0,"",ROUND(G51*J51,2)) -> 49817.43 | M51: =IF(G51=0,"",ROUND(G51*J51,2)) -> 49817.43
A52: =IF(G52>0,"x","") -> x | B52: 3.7 | C52: DER/PRC | D52: 810750 | E52: MEIO FIO DE CONCRETO TIPO 8 (PRÉ-MOLDADO) | F52: M | G52: 165 | H52: 29.94 | I52: =IF(G52=0,"",ROUND(G52*H52,2)) -> 4940.1 | J52: =IF(G52=0,"",ROUND(H52*(1+'BDI SERVIÇOS'!$C$23),2)) -> 36.14 | K52: =IF(G52=0,"",ROUND(G52*J52,2)) -> 5963.1 | M52: =IF(G52=0,"",ROUND(G52*J52,2)) -> 5963.1
A53: =IF(G53>0,"x","") -> x | B53: 3.8 | C53: DER/PRC | D53: 560100B | E53: IMPRIMAÇÃO COM EMULSÃO EAI - EXCLUSIVE EMULSÃO | F53: M2 | G53: =ROUND((1515.16+483.38+2941.07),2) -> 4939.61 | H53: 0.51 | I53: =IF(G53=0,"",ROUND(G53*H53,2)) -> 2519.2 | J53: =IF(G53=0,"",ROUND(H53*(1+'BDI SERVIÇOS'!$C$23),2)) -> 0.62 | K53: =IF(G53=0,"",ROUND(G53*J53,2)) -> 3062.56 | M53: =IF(G53=0,"",ROUND(G53*J53,2)) -> 3062.56
A54: =IF(G54>0,"x","") -> x | B54: 3.9 | C54: DER/PRC | D54: 589190A | E54: FORNECIMENTO DE EMULSÃO EAI - IMPRIMAÇÃO | F54: TON | G54: =ROUND(G53*0.0011,2) -> 5.43 | H54: 3512.66 | I54: =IF(G54=0,"",ROUND(G54*H54,2)) -> 19073.74 | J54: =IF(G54=0,"",ROUND(H54*(1+'BDI SERVIÇOS'!$C$23),2)) -> 4239.78 | K54: =IF(G54=0,"",ROUND(G54*J54,2)) -> 23022.01 | M54: =IF(G54=0,"",ROUND(G54*J54,2)) -> 23022.01
A55: =IF(G55>0,"x","") -> x | B55: 3.10 | C55: DER/PRC | D55: 561100A | E55: PINTURA DE LIGAÇÃO COM RR-1C - EXCLUSIVE EMULSÃO | F55: M2 | G55: =G53 -> 4939.61 | H55: 0.35 | I55: =IF(G55=0,"",ROUND(G55*H55,2)) -> 1728.86 | J55: =IF(G55=0,"",ROUND(H55*(1+'BDI SERVIÇOS'!$C$23),2)) -> 0.42 | K55: =IF(G55=0,"",ROUND(G55*J55,2)) -> 2074.64 | M55: =IF(G55=0,"",ROUND(G55*J55,2)) -> 2074.64
A56: =IF(G56>0,"x","") -> x | B56: 3.11 | C56: DER/PRC | D56: 589420B | E56: FORNECIMENTO DE EMULSÃO RR-1C - PINTURA DE LIGAÇÃO | F56: TON | G56: =ROUND(G55*0.0005,2) -> 2.47 | H56: 3585.09 | I56: =IF(G56=0,"",ROUND(G56*H56,2)) -> 8855.17 | J56: =IF(G56=0,"",ROUND(H56*(1+'BDI SERVIÇOS'!$C$23),2)) -> 4327.2 | K56: =IF(G56=0,"",ROUND(G56*J56,2)) -> 10688.18 | M56: =IF(G56=0,"",ROUND(G56*J56,2)) -> 10688.18
A57: =IF(G57>0,"x","") -> x | B57: 3.12 | C57: DER/PRC | D57: 570000F | E57: CBUQ - NOVOS TRAÇOS - TRAÇO 4 - FAIXA "C" - (QUANT. MENOR QUE 10.000 TON) | F57: TON | G57: =ROUND(G53*0.05*2.4,2) -> 592.75 | H57: 280.09 | I57: =IF(G57=0,"",ROUND(G57*H57,2)) -> 166023.35 | J57: =IF(G57=0,"",ROUND(H57*(1+'BDI SERVIÇOS'!$C$23),2)) -> 338.07 | K57: =IF(G57=0,"",ROUND(G57*J57,2)) -> 200390.99 | M57: =IF(G57=0,"",ROUND(G57*J57,2)) -> 200390.99
A58: =IF(G58>0,"x","") -> x | B58: 3.13 | C58: DER/PRC | D58: 589000P | E58: FORNECIMENTO DE CAP - CBUQ (QUANTIDADE MENOR QUE 10.000 TON) | F58: TON | G58: =ROUND(G57*0.05,2) -> 29.64 | H58: 4834.22 | I58: =IF(G58=0,"",ROUND(G58*H58,2)) -> 143286.28 | J58: =IF(G58=0,"",ROUND(H58*(1+'BDI SERVIÇOS'!$C$23),2)) -> 5834.9 | K58: =IF(G58=0,"",ROUND(G58*J58,2)) -> 172946.44 | M58: =IF(G58=0,"",ROUND(G58*J58,2)) -> 172946.44
A59: =IF(G59>0,"x","") -> x | B59: 3.14 | C59: DER/PRC | D59: 822000 | E59: FAIXA DE SINALIZAÇÃO HORIZONTAL C/TINTA RESINA ACRÍLICA BASE SOLVENTE- (0,034 M2/M2) | F59: M2 | G59: 731.94 | H59: 27.92 | I59: =IF(G59=0,"",ROUND(G59*H59,2)) -> 20435.76 | J59: =IF(G59=0,"",ROUND(H59*(1+'BDI SERVIÇOS'!$C$23),2)) -> 33.7 | K59: =IF(G59=0,"",ROUND(G59*J59,2)) -> 24666.38 | M59: =IF(G59=0,"",ROUND(G59*J59,2)) -> 24666.38
A60: =IF(G60>0,"x","") -> x | B60: 3.15 | C60: DER/PRC | D60: 820000H | E60: PLACA SINALIZAÇÃO REFLETIVA-OCTÓGONO (0,2160 M2/UD) + SUPORTE METÁLICO. | F60: UN | G60: 37 | H60: 525.47 | I60: =IF(G60=0,"",ROUND(G60*H60,2)) -> 19442.39 | J60: =IF(G60=0,"",ROUND(H60*(1+'BDI SERVIÇOS'!$C$23),2)) -> 634.24 | K60: =IF(G60=0,"",ROUND(G60*J60,2)) -> 23466.88 | M60: =IF(G60=0,"",ROUND(G60*J60,2)) -> 23466.88
A61: =IF(G61>0,"x","") -> x | B61: 3.16 | C61: DER/PRC | D61: 820000I | E61: =UPPER("Placa sinalização refletiva-losango (0,2025 m2/ud) + suporte METÁLICO.") -> PLACA SINALIZAÇÃO REFLETIVA-LOSANGO (0,2025 M2/UD) + SUPORTE METÁLICO. | F61: UN | G61: 37 | H61: 518.23 | I61: =IF(G61=0,"",ROUND(G61*H61,2)) -> 19174.51 | J61: =IF(G61=0,"",ROUND(H61*(1+'BDI SERVIÇOS'!$C$23),2)) -> 625.5 | K61: =IF(G61=0,"",ROUND(G61*J61,2)) -> 23143.5 | M61: =IF(G61=0,"",ROUND(G61*J61,2)) -> 23143.5
A62: =IF(G62>0,"x","") | B62: 3.17 | E62: =UPPER(IF($D62<>"",VLOOKUP($D62,CSD!$B$11:$E$15000,2,FALSE),"")) | F62: =UPPER(IF($D62<>"",VLOOKUP($D62,CSD!$B$11:$E$15000,3,FALSE),"")) | H62: =IF($D62<>"",VLOOKUP($D62,CSD!$B$11:$E$15000,4,FALSE),"") | I62: =IF(G62=0,"",ROUND(G62*H62,2)) | J62: =IF(G62=0,"",ROUND(H62*(1+'BDI SERVIÇOS'!$C$23),2)) | K62: =IF(G62=0,"",ROUND(G62*J62,2)) | M62: =IF(G62=0,"",ROUND(G62*J62,2))
A63: =IF(G63>0,"x","") | M63: =IF(G63=0,"",ROUND(G63*J63,2))
M64: =IF(G64=0,"",ROUND(G64*J64,2))
M65: =IF(G65=0,"",ROUND(G65*J65,2))
M66: =IF(G66=0,"",ROUND(G66*J66,2))
M67: =IF(G67=0,"",ROUND(G67*J67,2))
M68: =IF(G68=0,"",ROUND(G68*J68,2))
M69: =IF(G69=0,"",ROUND(G69*J69,2))
M70: =IF(G70=0,"",ROUND(G70*J70,2))
M71: =IF(G71=0,"",ROUND(G71*J71,2))
M72: =IF(G72=0,"",ROUND(G72*J72,2))
A73: x | M73: =IF(G73=0,"",ROUND(G73*J73,2))
A74: x | M74: =IF(G74=0,"",ROUND(G74*J74,2))
A75: x | M75: =IF(G75=0,"",ROUND(G75*J75,2))
A76: x | M76: =IF(G76=0,"",ROUND(G76*J76,2))
A77: x
A78: x
A79: x
A80: x | H80: ______________________________________________________________
A81: x | H81: Lucas Scomação Jacon
A82: x | H82: Eng. Civil - CREA: PR-211223/D
A83: x
A710: x
A711: x
A712: x
A713: x
A714: x
A715: x
A716: =IF(G716>0,"x","")
A717: =IF(G717>0,"x","")
A718: =IF(G718>0,"x","")
A719: =IF(G719>0,"x","")
A720: =IF(G720>0,"x","")
A721: =IF(G721>0,"x","")
A722: =IF(G722>0,"x","")
A723: =IF(G723>0,"x","")
A724: =IF(G724>0,"x","")
A725: =IF(G725>0,"x","")
A726: X
A727: X
A728: =IF(G728>0,"x","")
A729: =IF(G729>0,"x","")
A730: =IF(G730>0,"x","")
...

Sheet Composições
A2: x | E2: Prefeitura Municipal de Pontal do Paraná
A3: x
A4: x
A5: x
A6: x | B6: Obra: | E6: ='P.O. CALÇADAS E BOLSÃO '!E6 -> URBANIZAÇÃO DE CALÇADAS - AV. DEP. ANIBAL KHURY - PROJETO ORLA | H6: Data: | J6: =TODAY() -> 46322
A7: x | B7: Local: | E7: ='P.O. CALÇADAS E BOLSÃO '!E7 -> AV. DEP. ANIBAL KHURY - PROJETO ORLA | H7: BDI (%): | J7: ='BDI SERVIÇOS'!C23 -> 0.207
A8: x
A9: x | B9: COMPOSIÇÕES COMPLEMENTARES
A10: =IF(H10>0,"x","")
A11: =IF(C11>0,"x","") -> x | B11: CP-01 | C11: LOCAÇÃO DE 01 CONTAINER 2,30 X 6,00 M, ALT. 2,50 M, COM 1 SANITÁRIO, PARA ESCRITÓRIO/ALMOXARIFADO, COMPLETO, SEM DIVISÓRIAS INTERNAS. | H11: MÊS | I11: VALOR S/ BDI - | J11: =SUM(J14:J23) -> 1000
A12: =IF(C11>0,"x","") -> x
A13: =IF(H13>0,"x","") -> x | B13: Ítem | C13: Composição | D13: Insumo | E13: Origem | F13: Descrição dos serviços | G13: Unid. | H13: Quant. | I13: Unitário s/ BDI | J13: Total s/ BDI
A14: =IF(H14>0,"x","") -> x | B14: 1.1 | D14: 10775 | E14: SINAPI | F14: =UPPER(IF($D14="",IF($C14<>"",VLOOKUP($C14,CSD!$B$11:$E$15000,2,FALSE),""),IF($D14<>"",VLOOKUP($D14,ISD!$B$11:$F$7000,2,FALSE),""))) -> LOCACAO DE CONTAINER 2,30 X 6,00 M, ALT. 2,50 M, COM 1 SANITARIO, PARA ESCRITORIO, COMPLETO, SEM DIVISORIAS INTERNAS (NAO INCLUI MOBILIZACAO/DESMOBILIZACAO) | G14: =UPPER(IF($D14="",IF($C14<>"",VLOOKUP($C14,CSD!$B$11:$E$15000,3,FALSE),""),IF($D14<>"",VLOOKUP($D14,ISD!$B$11:$F$7000,3,FALSE),""))) -> MES | H14: 1 | I14: =IF($D14="",IF($C14<>"",VLOOKUP($C14,CSD!$B$11:$E$15000,4,FALSE),""),IF($D14<>"",VLOOKUP($D14,ISD!$B$11:$F$7000,5,FALSE),"")) -> 1000 | J14: =IF(H14=0,"",ROUND(I14*H14,2)) -> 1000
A15: =IF(H15>0,"x","") | B15: 1.2 | F15: =UPPER(IF($D15="",IF($C15<>"",VLOOKUP($C15,CSD!$B$11:$E$15000,2,FALSE),""),IF($D15<>"",VLOOKUP($D15,ISD!$B$11:$F$7000,2,FALSE),""))) | G15: =UPPER(IF($D15="",IF($C15<>"",VLOOKUP($C15,CSD!$B$11:$E$15000,3,FALSE),""),IF($D15<>"",VLOOKUP($D15,ISD!$B$11:$F$7000,3,FALSE),""))) | I15: =IF($D15="",IF($C15<>"",VLOOKUP($C15,CSD!$B$11:$E$15000,4,FALSE),""),IF($D15<>"",VLOOKUP($D15,ISD!$B$11:$F$7000,5,FALSE),"")) | J15: =IF(H15=0,"",ROUND(I15*H15,2))
A16: =IF(H16>0,"x","") | B16: 1.3 | F16: =UPPER(IF($D16="",IF($C16<>"",VLOOKUP($C16,CSD!$B$11:$E$15000,2,FALSE),""),IF($D16<>"",VLOOKUP($D16,ISD!$B$11:$F$7000,2,FALSE),""))) | G16: =UPPER(IF($D16="",IF($C16<>"",VLOOKUP($C16,CSD!$B$11:$E$15000,3,FALSE),""),IF($D16<>"",VLOOKUP($D16,ISD!$B$11:$F$7000,3,FALSE),""))) | I16: =IF($D16="",IF($C16<>"",VLOOKUP($C16,CSD!$B$11:$E$15000,4,FALSE),""),IF($D16<>"",VLOOKUP($D16,ISD!$B$11:$F$7000,5,FALSE),"")) | J16: =IF(H16=0,"",ROUND(I16*H16,2))
A17: =IF(H17>0,"x","") | B17: 1.4 | F17: =UPPER(IF($D17="",IF($C17<>"",VLOOKUP($C17,CSD!$B$11:$E$15000,2,FALSE),""),IF($D17<>"",VLOOKUP($D17,ISD!$B$11:$F$7000,2,FALSE),""))) | G17: =UPPER(IF($D17="",IF($C17<>"",VLOOKUP($C17,CSD!$B$11:$E$15000,3,FALSE),""),IF($D17<>"",VLOOKUP($D17,ISD!$B$11:$F$7000,3,FALSE),""))) | I17: =IF($D17="",IF($C17<>"",VLOOKUP($C17,CSD!$B$11:$E$15000,4,FALSE),""),IF($D17<>"",VLOOKUP($D17,ISD!$B$11:$F$7000,5,FALSE),"")) | J17: =IF(H17=0,"",ROUND(I17*H17,2))
A18: =IF(H18>0,"x","") | B18: 1.5 | F18: =UPPER(IF($D18="",IF($C18<>"",VLOOKUP($C18,CSD!$B$11:$E$15000,2,FALSE),""),IF($D18<>"",VLOOKUP($D18,ISD!$B$11:$F$7000,2,FALSE),""))) | G18: =UPPER(IF($D18="",IF($C18<>"",VLOOKUP($C18,CSD!$B$11:$E$15000,3,FALSE),""),IF($D18<>"",VLOOKUP($D18,ISD!$B$11:$F$7000,3,FALSE),""))) | I18: =IF($D18="",IF($C18<>"",VLOOKUP($C18,CSD!$B$11:$E$15000,4,FALSE),""),IF($D18<>"",VLOOKUP($D18,ISD!$B$11:$F$7000,5,FALSE),"")) | J18: =IF(H18=0,"",ROUND(I18*H18,2))
A19: =IF(H19>0,"x","") | B19: 1.6 | F19: =UPPER(IF($D19="",IF($C19<>"",VLOOKUP($C19,CSD!$B$11:$E$15000,2,FALSE),""),IF($D19<>"",VLOOKUP($D19,ISD!$B$11:$F$7000,2,FALSE),""))) | G19: =UPPER(IF($D19="",IF($C19<>"",VLOOKUP($C19,CSD!$B$11:$E$15000,3,FALSE),""),IF($D19<>"",VLOOKUP($D19,ISD!$B$11:$F$7000,3,FALSE),""))) | I19: =IF($D19="",IF($C19<>"",VLOOKUP($C19,CSD!$B$11:$E$15000,4,FALSE),""),IF($D19<>"",VLOOKUP($D19,ISD!$B$11:$F$7000,5,FALSE),"")) | J19: =IF(H19=0,"",ROUND(I19*H19,2))
A20: =IF(H20>0,"x","") | B20: 1.7 | F20: =UPPER(IF($D20="",IF($C20<>"",VLOOKUP($C20,CSD!$B$11:$E$15000,2,FALSE),""),IF($D20<>"",VLOOKUP($D20,ISD!$B$11:$F$7000,2,FALSE),""))) | G20: =UPPER(IF($D20="",IF($C20<>"",VLOOKUP($C20,CSD!$B$11:$E$15000,3,FALSE),""),IF($D20<>"",VLOOKUP($D20,ISD!$B$11:$F$7000,3,FALSE),""))) | I20: =IF($D20="",IF($C20<>"",VLOOKUP($C20,CSD!$B$11:$E$15000,4,FALSE),""),IF($D20<>"",VLOOKUP($D20,ISD!$B$11:$F$7000,5,FALSE),"")) | J20: =IF(H20=0,"",ROUND(I20*H20,2))
A21: =IF(H21>0,"x","") | B21: 1.8 | F21: =UPPER(IF($D21="",IF($C21<>"",VLOOKUP($C21,CSD!$B$11:$E$15000,2,FALSE),""),IF($D21<>"",VLOOKUP($D21,ISD!$B$11:$F$7000,2,FALSE),""))) | G21: =UPPER(IF($D21="",IF($C21<>"",VLOOKUP($C21,CSD!$B$11:$E$15000,3,FALSE),""),IF($D21<>"",VLOOKUP($D21,ISD!$B$11:$F$7000,3,FALSE),""))) | I21: =IF($D21="",IF($C21<>"",VLOOKUP($C21,CSD!$B$11:$E$15000,4,FALSE),""),IF($D21<>"",VLOOKUP($D21,ISD!$B$11:$F$7000,5,FALSE),"")) | J21: =IF(H21=0,"",ROUND(I21*H21,2))
A22: =IF(H22>0,"x","") | B22: 1.9 | F22: =UPPER(IF($D22="",IF($C22<>"",VLOOKUP($C22,CSD!$B$11:$E$15000,2,FALSE),""),IF($D22<>"",VLOOKUP($D22,ISD!$B$11:$F$7000,2,FALSE),""))) | G22: =UPPER(IF($D22="",IF($C22<>"",VLOOKUP($C22,CSD!$B$11:$E$15000,3,FALSE),""),IF($D22<>"",VLOOKUP($D22,ISD!$B$11:$F$7000,3,FALSE),""))) | I22: =IF($D22="",IF($C22<>"",VLOOKUP($C22,CSD!$B$11:$E$15000,4,FALSE),""),IF($D22<>"",VLOOKUP($D22,ISD!$B$11:$F$7000,5,FALSE),"")) | J22: =IF(H22=0,"",ROUND(I22*H22,2))
A23: =IF(H23>0,"x","") | B23: 1.10 | F23: =UPPER(IF($D23="",IF($C23<>"",VLOOKUP($C23,CSD!$B$11:$E$15000,2,FALSE),""),IF($D23<>"",VLOOKUP($D23,ISD!$B$11:$F$7000,2,FALSE),""))) | G23: =UPPER(IF($D23="",IF($C23<>"",VLOOKUP($C23,CSD!$B$11:$E$15000,3,FALSE),""),IF($D23<>"",VLOOKUP($D23,ISD!$B$11:$F$7000,3,FALSE),""))) | I23: =IF($D23="",IF($C23<>"",VLOOKUP($C23,CSD!$B$11:$E$15000,4,FALSE),""),IF($D23<>"",VLOOKUP($D23,ISD!$B$11:$F$7000,5,FALSE),"")) | J23: =IF(H23=0,"",ROUND(I23*H23,2))
A24: =IF(C24>0,"x","") -> x | B24: CP-02 | C24: LOCAÇÃO DE OBRA | H24: M2 | I24: VALOR S/ BDI - | J24: =SUM(J27:J36) -> 1.5
A25: =IF(C24>0,"x","") -> x
A26: =IF(C24>0,"x","") -> x | B26: Ítem | C26: Composição | D26: Insumo | E26: Origem | F26: Descrição dos serviços | G26: Unid. | H26: Quant. | I26: Unitário s/ BDI | J26: Total s/ BDI
A27: =IF(H27>0,"x","") -> x | B27: 2.1 | C27: 88253 | E27: SINAPI | F27: =UPPER(IF($D27="",IF($C27<>"",VLOOKUP($C27,CSD!$B$11:$E$15000,2,FALSE),""),IF($D27<>"",VLOOKUP($D27,ISD!$B$11:$F$7000,2,FALSE),""))) -> AUXILIAR DE TOPÓGRAFO COM ENCARGOS COMPLEMENTARES | G27: =UPPER(IF($D27="",IF($C27<>"",VLOOKUP($C27,CSD!$B$11:$E$15000,3,FALSE),""),IF($D27<>"",VLOOKUP($D27,ISD!$B$11:$F$7000,3,FALSE),""))) -> H | H27: 0.036 | I27: =IF($D27="",IF($C27<>"",VLOOKUP($C27,CSD!$B$11:$E$15000,4,FALSE),""),IF($D27<>"",VLOOKUP($D27,ISD!$B$11:$F$7000,5,FALSE),"")) -> 22.41 | J27: =IF(H27=0,"",ROUND(I27*H27,2)) -> 0.81
A28: =IF(H28>0,"x","") -> x | B28: 2.2 | C28: 90781 | E28: SINAPI | F28: =UPPER(IF($D28="",IF($C28<>"",VLOOKUP($C28,CSD!$B$11:$E$15000,2,FALSE),""),IF($D28<>"",VLOOKUP($D28,ISD!$B$11:$F$7000,2,FALSE),""))) -> TOPOGRAFO COM ENCARGOS COMPLEMENTARES | G28: =UPPER(IF($D28="",IF($C28<>"",VLOOKUP($C28,CSD!$B$11:$E$15000,3,FALSE),""),IF($D28<>"",VLOOKUP($D28,ISD!$B$11:$F$7000,3,FALSE),""))) -> H | H28: 0.018 | I28: =IF($D28="",IF($C28<>"",VLOOKUP($C28,CSD!$B$11:$E$15000,4,FALSE),""),IF($D28<>"",VLOOKUP($D28,ISD!$B$11:$F$7000,5,FALSE),"")) -> 38.48 | J28: =IF(H28=0,"",ROUND(I28*H28,2)) -> 0.69
A29: =IF(H29>0,"x","") | B29: 2.3 | F29: =UPPER(IF($D29="",IF($C29<>"",VLOOKUP($C29,CSD!$B$11:$E$15000,2,FALSE),""),IF($D29<>"",VLOOKUP($D29,ISD!$B$11:$F$7000,2,FALSE),""))) | G29: =UPPER(IF($D29="",IF($C29<>"",VLOOKUP($C29,CSD!$B$11:$E$15000,3,FALSE),""),IF($D29<>"",VLOOKUP($D29,ISD!$B$11:$F$7000,3,FALSE),""))) | I29: =IF($D29="",IF($C29<>"",VLOOKUP($C29,CSD!$B$11:$E$15000,4,FALSE),""),IF($D29<>"",VLOOKUP($D29,ISD!$B$11:$F$7000,5,FALSE),"")) | J29: =IF(H29=0,"",ROUND(I29*H29,2))
A30: =IF(H30>0,"x","") | B30: 2.4 | F30: =UPPER(IF($D30="",IF($C30<>"",VLOOKUP($C30,CSD!$B$11:$E$15000,2,FALSE),""),IF($D30<>"",VLOOKUP($D30,ISD!$B$11:$F$7000,2,FALSE),""))) | G30: =UPPER(IF($D30="",IF($C30<>"",VLOOKUP($C30,CSD!$B$11:$E$15000,3,FALSE),""),IF($D30<>"",VLOOKUP($D30,ISD!$B$11:$F$7000,3,FALSE),""))) | I30: =IF($D30="",IF($C30<>"",VLOOKUP($C30,CSD!$B$11:$E$15000,4,FALSE),""),IF($D30<>"",VLOOKUP($D30,ISD!$B$11:$F$7000,5,FALSE),"")) | J30: =IF(H30=0,"",ROUND(I30*H30,2))
A31: =IF(H31>0,"x","") | B31: 2.5 | F31: =UPPER(IF($D31="",IF($C31<>"",VLOOKUP($C31,CSD!$B$11:$E$15000,2,FALSE),""),IF($D31<>"",VLOOKUP($D31,ISD!$B$11:$F$7000,2,FALSE),""))) | G31: =UPPER(IF($D31="",IF($C31<>"",VLOOKUP($C31,CSD!$B$11:$E$15000,3,FALSE),""),IF($D31<>"",VLOOKUP($D31,ISD!$B$11:$F$7000,3,FALSE),""))) | I31: =IF($D31="",IF($C31<>"",VLOOKUP($C31,CSD!$B$11:$E$15000,4,FALSE),""),IF($D31<>"",VLOOKUP($D31,ISD!$B$11:$F$7000,5,FALSE),"")) | J31: =IF(H31=0,"",ROUND(I31*H31,2))
A32: =IF(H32>0,"x","") | B32: 2.6 | F32: =UPPER(IF($D32="",IF($C32<>"",VLOOKUP($C32,CSD!$B$11:$E$15000,2,FALSE),""),IF($D32<>"",VLOOKUP($D32,ISD!$B$11:$F$7000,2,FALSE),""))) | G32: =UPPER(IF($D32="",IF($C32<>"",VLOOKUP($C32,CSD!$B$11:$E$15000,3,FALSE),""),IF($D32<>"",VLOOKUP($D32,ISD!$B$11:$F$7000,3,FALSE),""))) | I32: =IF($D32="",IF($C32<>"",VLOOKUP($C32,CSD!$B$11:$E$15000,4,FALSE),""),IF($D32<>"",VLOOKUP($D32,ISD!$B$11:$F$7000,5,FALSE),"")) | J32: =IF(H32=0,"",ROUND(I32*H32,2))
A33: =IF(H33>0,"x","") | B33: 2.7 | F33: =UPPER(IF($D33="",IF($C33<>"",VLOOKUP($C33,CSD!$B$11:$E$15000,2,FALSE),""),IF($D33<>"",VLOOKUP($D33,ISD!$B$11:$F$7000,2,FALSE),""))) | G33: =UPPER(IF($D33="",IF($C33<>"",VLOOKUP($C33,CSD!$B$11:$E$15000,3,FALSE),""),IF($D33<>"",VLOOKUP($D33,ISD!$B$11:$F$7000,3,FALSE),""))) | I33: =IF($D33="",IF($C33<>"",VLOOKUP($C33,CSD!$B$11:$E$15000,4,FALSE),""),IF($D33<>"",VLOOKUP($D33,ISD!$B$11:$F$7000,5,FALSE),"")) | J33: =IF(H33=0,"",ROUND(I33*H33,2))
A34: =IF(H34>0,"x","") | B34: 2.8 | F34: =UPPER(IF($D34="",IF($C34<>"",VLOOKUP($C34,CSD!$B$11:$E$15000,2,FALSE),""),IF($D34<>"",VLOOKUP($D34,ISD!$B$11:$F$7000,2,FALSE),""))) | G34: =UPPER(IF($D34="",IF($C34<>"",VLOOKUP($C34,CSD!$B$11:$E$15000,3,FALSE),""),IF($D34<>"",VLOOKUP($D34,ISD!$B$11:$F$7000,3,FALSE),""))) | I34: =IF($D34="",IF($C34<>"",VLOOKUP($C34,CSD!$B$11:$E$15000,4,FALSE),""),IF($D34<>"",VLOOKUP($D34,ISD!$B$11:$F$7000,5,FALSE),"")) | J34: =IF(H34=0,"",ROUND(I34*H34,2))
A35: =IF(H35>0,"x","") | B35: 2.9 | F35: =UPPER(IF($D35="",IF($C35<>"",VLOOKUP($C35,CSD!$B$11:$E$15000,2,FALSE),""),IF($D35<>"",VLOOKUP($D35,ISD!$B$11:$F$7000,2,FALSE),""))) | G35: =UPPER(IF($D35="",IF($C35<>"",VLOOKUP($C35,CSD!$B$11:$E$15000,3,FALSE),""),IF($D35<>"",VLOOKUP($D35,ISD!$B$11:$F$7000,3,FALSE),""))) | I35: =IF($D35="",IF($C35<>"",VLOOKUP($C35,CSD!$B$11:$E$15000,4,FALSE),""),IF($D35<>"",VLOOKUP($D35,ISD!$B$11:$F$7000,5,FALSE),"")) | J35: =IF(H35=0,"",ROUND(I35*H35,2))
A36: =IF(H36>0,"x","") | B36: 2.10 | F36: =UPPER(IF($D36="",IF($C36<>"",VLOOKUP($C36,CSD!$B$11:$E$15000,2,FALSE),""),IF($D36<>"",VLOOKUP($D36,ISD!$B$11:$F$7000,2,FALSE),""))) | G36: =UPPER(IF($D36="",IF($C36<>"",VLOOKUP($C36,CSD!$B$11:$E$15000,3,FALSE),""),IF($D36<>"",VLOOKUP($D36,ISD!$B$11:$F$7000,3,FALSE),""))) | I36: =IF($D36="",IF($C36<>"",VLOOKUP($C36,CSD!$B$11:$E$15000,4,FALSE),""),IF($D36<>"",VLOOKUP($D36,ISD!$B$11:$F$7000,5,FALSE),"")) | J36: =IF(H36=0,"",ROUND(I36*H36,2))
A37: =IF(C37>0,"x","") -> x | B37: CP-03 | C37: REMOÇÃO DE GUIAS PRÉ-FABRICADAS DE CONCRETO | H37: M | I37: VALOR S/ BDI - | J37: =SUM(J40:J49) -> 5.77
A38: =IF(C37>0,"x","") -> x
A39: =IF(C37>0,"x","") -> x | B39: Ítem | C39: Composição | D39: Insumo | E39: Origem | F39: Descrição dos serviços | G39: Unid. | H39: Quant. | I39: Unitário s/ BDI | J39: Total s/ BDI
A40: =IF(H40>0,"x","") -> x | B40: 3.1 | C40: 5678 | F40: =UPPER(IF($D40="",IF($C40<>"",VLOOKUP($C40,CSD!$B$11:$E$15000,2,FALSE),""),IF($D40<>"",VLOOKUP($D40,ISD!$B$11:$F$7000,2,FALSE),""))) -> RETROESCAVADEIRA SOBRE RODAS COM CARREGADEIRA, TRAÇÃO 4X4, POTÊNCIA LÍQ. 88 HP, CAÇAMBA CARREG. CAP. MÍN. 1 M3, CAÇAMBA RETRO CAP. 0,26 M3, PESO OPERACIONAL MÍN. 6.674 KG, PROFUNDIDADE ESCAVAÇÃO MÁX. 4,37 M - CHP DIURNO. AF_06/2014 | G40: =UPPER(IF($D40="",IF($C40<>"",VLOOKUP($C40,CSD!$B$11:$E$15000,3,FALSE),""),IF($D40<>"",VLOOKUP($D40,ISD!$B$11:$F$7000,3,FALSE),""))) -> CHP | H40: 0.02 | I40: =IF($D40="",IF($C40<>"",VLOOKUP($C40,CSD!$B$11:$E$15000,4,FALSE),""),IF($D40<>"",VLOOKUP($D40,ISD!$B$11:$F$7000,5,FALSE),"")) -> 157.26 | J40: =IF(H40=0,"",ROUND(I40*H40,2)) -> 3.15
A41: =IF(H41>0,"x","") -> x | B41: 3.2 | C41: 88316 | F41: =UPPER(IF($D41="",IF($C41<>"",VLOOKUP($C41,CSD!$B$11:$E$15000,2,FALSE),""),IF($D41<>"",VLOOKUP($D41,ISD!$B$11:$F$7000,2,FALSE),""))) -> SERVENTE COM ENCARGOS COMPLEMENTARES | G41: =UPPER(IF($D41="",IF($C41<>"",VLOOKUP($C41,CSD!$B$11:$E$15000,3,FALSE),""),IF($D41<>"",VLOOKUP($D41,ISD!$B$11:$F$7000,3,FALSE),""))) -> H | H41: 0.0833 | I41: =IF($D41="",IF($C41<>"",VLOOKUP($C41,CSD!$B$11:$E$15000,4,FALSE),""),IF($D41<>"",VLOOKUP($D41,ISD!$B$11:$F$7000,5,FALSE),"")) -> 31.41 | J41: =IF(H41=0,"",ROUND(I41*H41,2)) -> 2.62
A42: =IF(H42>0,"x","") | B42: 3.3 | F42: =UPPER(IF($D42="",IF($C42<>"",VLOOKUP($C42,CSD!$B$11:$E$15000,2,FALSE),""),IF($D42<>"",VLOOKUP($D42,ISD!$B$11:$F$7000,2,FALSE),""))) | G42: =UPPER(IF($D42="",IF($C42<>"",VLOOKUP($C42,CSD!$B$11:$E$15000,3,FALSE),""),IF($D42<>"",VLOOKUP($D42,ISD!$B$11:$F$7000,3,FALSE),""))) | I42: =IF($D42="",IF($C42<>"",VLOOKUP($C42,CSD!$B$11:$E$15000,4,FALSE),""),IF($D42<>"",VLOOKUP($D42,ISD!$B$11:$F$7000,5,FALSE),"")) | J42: =IF(H42=0,"",ROUND(I42*H42,2))
A43: =IF(H43>0,"x","") | B43: 3.4 | F43: =UPPER(IF($D43="",IF($C43<>"",VLOOKUP($C43,CSD!$B$11:$E$15000,2,FALSE),""),IF($D43<>"",VLOOKUP($D43,ISD!$B$11:$F$7000,2,FALSE),""))) | G43: =UPPER(IF($D43="",IF($C43<>"",VLOOKUP($C43,CSD!$B$11:$E$15000,3,FALSE),""),IF($D43<>"",VLOOKUP($D43,ISD!$B$11:$F$7000,3,FALSE),""))) | I43: =IF($D43="",IF($C43<>"",VLOOKUP($C43,CSD!$B$11:$E$15000,4,FALSE),""),IF($D43<>"",VLOOKUP($D43,ISD!$B$11:$F$7000,5,FALSE),"")) | J43: =IF(H43=0,"",ROUND(I43*H43,2))
A44: =IF(H44>0,"x","") | B44: 3.5 | F44: =UPPER(IF($D44="",IF($C44<>"",VLOOKUP($C44,CSD!$B$11:$E$15000,2,FALSE),""),IF($D44<>"",VLOOKUP($D44,ISD!$B$11:$F$7000,2,FALSE),""))) | G44: =UPPER(IF($D44="",IF($C44<>"",VLOOKUP($C44,CSD!$B$11:$E$15000,3,FALSE),""),IF($D44<>"",VLOOKUP($D44,ISD!$B$11:$F$7000,3,FALSE),""))) | I44: =IF($D44="",IF($C44<>"",VLOOKUP($C44,CSD!$B$11:$E$15000,4,FALSE),""),IF($D44<>"",VLOOKUP($D44,ISD!$B$11:$F$7000,5,FALSE),"")) | J44: =IF(H44=0,"",ROUND(I44*H44,2))
A45: =IF(H45>0,"x","") | B45: 3.6 | F45: =UPPER(IF($D45="",IF($C45<>"",VLOOKUP($C45,CSD!$B$11:$E$15000,2,FALSE),""),IF($D45<>"",VLOOKUP($D45,ISD!$B$11:$F$7000,2,FALSE),""))) | G45: =UPPER(IF($D45="",IF($C45<>"",VLOOKUP($C45,CSD!$B$11:$E$15000,3,FALSE),""),IF($D45<>"",VLOOKUP($D45,ISD!$B$11:$F$7000,3,FALSE),""))) | I45: =IF($D45="",IF($C45<>"",VLOOKUP($C45,CSD!$B$11:$E$15000,4,FALSE),""),IF($D45<>"",VLOOKUP($D45,ISD!$B$11:$F$7000,5,FALSE),"")) | J45: =IF(H45=0,"",ROUND(I45*H45,2))
A46: =IF(H46>0,"x","") | B46: 3.7 | F46: =UPPER(IF($D46="",IF($C46<>"",VLOOKUP($C46,CSD!$B$11:$E$15000,2,FALSE),""),IF($D46<>"",VLOOKUP($D46,ISD!$B$11:$F$7000,2,FALSE),""))) | G46: =UPPER(IF($D46="",IF($C46<>"",VLOOKUP($C46,CSD!$B$11:$E$15000,3,FALSE),""),IF($D46<>"",VLOOKUP($D46,ISD!$B$11:$F$7000,3,FALSE),""))) | I46: =IF($D46="",IF($C46<>"",VLOOKUP($C46,CSD!$B$11:$E$15000,4,FALSE),""),IF($D46<>"",VLOOKUP($D46,ISD!$B$11:$F$7000,5,FALSE),"")) | J46: =IF(H46=0,"",ROUND(I46*H46,2))
A47: =IF(H47>0,"x","") | B47: 3.8 | F47: =UPPER(IF($D47="",IF($C47<>"",VLOOKUP($C47,CSD!$B$11:$E$15000,2,FALSE),""),IF($D47<>"",VLOOKUP($D47,ISD!$B$11:$F$7000,2,FALSE),""))) | G47: =UPPER(IF($D47="",IF($C47<>"",VLOOKUP($C47,CSD!$B$11:$E$15000,3,FALSE),""),IF($D47<>"",VLOOKUP($D47,ISD!$B$11:$F$7000,3,FALSE),""))) | I47: =IF($D47="",IF($C47<>"",VLOOKUP($C47,CSD!$B$11:$E$15000,4,FALSE),""),IF($D47<>"",VLOOKUP($D47,ISD!$B$11:$F$7000,5,FALSE),"")) | J47: =IF(H47=0,"",ROUND(I47*H47,2))
A48: =IF(H48>0,"x","") | B48: 3.9 | F48: =UPPER(IF($D48="",IF($C48<>"",VLOOKUP($C48,CSD!$B$11:$E$15000,2,FALSE),""),IF($D48<>"",VLOOKUP($D48,ISD!$B$11:$F$7000,2,FALSE),""))) | G48: =UPPER(IF($D48="",IF($C48<>"",VLOOKUP($C48,CSD!$B$11:$E$15000,3,FALSE),""),IF($D48<>"",VLOOKUP($D48,ISD!$B$11:$F$7000,3,FALSE),""))) | I48: =IF($D48="",IF($C48<>"",VLOOKUP($C48,CSD!$B$11:$E$15000,4,FALSE),""),IF($D48<>"",VLOOKUP($D48,ISD!$B$11:$F$7000,5,FALSE),"")) | J48: =IF(H48=0,"",ROUND(I48*H48,2))
A49: =IF(H49>0,"x","") | B49: 3.10 | F49: =UPPER(IF($D49="",IF($C49<>"",VLOOKUP($C49,CSD!$B$11:$E$15000,2,FALSE),""),IF($D49<>"",VLOOKUP($D49,ISD!$B$11:$F$7000,2,FALSE),""))) | G49: =UPPER(IF($D49="",IF($C49<>"",VLOOKUP($C49,CSD!$B$11:$E$15000,3,FALSE),""),IF($D49<>"",VLOOKUP($D49,ISD!$B$11:$F$7000,3,FALSE),""))) | I49: =IF($D49="",IF($C49<>"",VLOOKUP($C49,CSD!$B$11:$E$15000,4,FALSE),""),IF($D49<>"",VLOOKUP($D49,ISD!$B$11:$F$7000,5,FALSE),"")) | J49: =IF(H49=0,"",ROUND(I49*H49,2))
A50: =IF(C50>0,"x","") -> x | B50: CP-04 | C50: REMOÇÃO PISO INTERTRAVADO EM CONCRETO | H50: M2 | I50: VALOR S/ BDI - | J50: =SUM(J53:J62) -> 5.03
A51: =IF(C50>0,"x","") -> x
A52: =IF(C50>0,"x","") -> x | B52: Ítem | C52: Composição | D52: Insumo | E52: Origem | F52: Descrição dos serviços | G52: Unid. | H52: Quant. | I52: Unitário s/ BDI | J52: Total s/ BDI
A53: =IF(H53>0,"x","") -> x | B53: 4.1 | C53: 5678 | F53: =UPPER(IF($D53="",IF($C53<>"",VLOOKUP($C53,CSD!$B$11:$E$15000,2,FALSE),""),IF($D53<>"",VLOOKUP($D53,ISD!$B$11:$F$7000,2,FALSE),""))) -> RETROESCAVADEIRA SOBRE RODAS COM CARREGADEIRA, TRAÇÃO 4X4, POTÊNCIA LÍQ. 88 HP, CAÇAMBA CARREG. CAP. MÍN. 1 M3, CAÇAMBA RETRO CAP. 0,26 M3, PESO OPERACIONAL MÍN. 6.674 KG, PROFUNDIDADE ESCAVAÇÃO MÁX. 4,37 M - CHP DIURNO. AF_06/2014 | G53: =UPPER(IF($D53="",IF($C53<>"",VLOOKUP($C53,CSD!$B$11:$E$15000,3,FALSE),""),IF($D53<>"",VLOOKUP($D53,ISD!$B$11:$F$7000,3,FALSE),""))) -> CHP | H53: 0.02 | I53: =IF($D53="",IF($C53<>"",VLOOKUP($C53,CSD!$B$11:$E$15000,4,FALSE),""),IF($D53<>"",VLOOKUP($D53,ISD!$B$11:$F$7000,5,FALSE),"")) -> 157.26 | J53: =IF(H53=0,"",ROUND(I53*H53,2)) -> 3.15
A54: =IF(H54>0,"x","") -> x | B54: 4.2 | C54: 88316 | F54: =UPPER(IF($D54="",IF($C54<>"",VLOOKUP($C54,CSD!$B$11:$E$15000,2,FALSE),""),IF($D54<>"",VLOOKUP($D54,ISD!$B$11:$F$7000,2,FALSE),""))) -> SERVENTE COM ENCARGOS COMPLEMENTARES | G54: =UPPER(IF($D54="",IF($C54<>"",VLOOKUP($C54,CSD!$B$11:$E$15000,3,FALSE),""),IF($D54<>"",VLOOKUP($D54,ISD!$B$11:$F$7000,3,FALSE),""))) -> H | H54: 0.06 | I54: =IF($D54="",IF($C54<>"",VLOOKUP($C54,CSD!$B$11:$E$15000,4,FALSE),""),IF($D54<>"",VLOOKUP($D54,ISD!$B$11:$F$7000,5,FALSE),"")) -> 31.41 | J54: =IF(H54=0,"",ROUND(I54*H54,2)) -> 1.88
A55: =IF(H55>0,"x","") | B55: 4.3 | F55: =UPPER(IF($D55="",IF($C55<>"",VLOOKUP($C55,CSD!$B$11:$E$15000,2,FALSE),""),IF($D55<>"",VLOOKUP($D55,ISD!$B$11:$F$7000,2,FALSE),""))) | G55: =UPPER(IF($D55="",IF($C55<>"",VLOOKUP($C55,CSD!$B$11:$E$15000,3,FALSE),""),IF($D55<>"",VLOOKUP($D55,ISD!$B$11:$F$7000,3,FALSE),""))) | I55: =IF($D55="",IF($C55<>"",VLOOKUP($C55,CSD!$B$11:$E$15000,4,FALSE),""),IF($D55<>"",VLOOKUP($D55,ISD!$B$11:$F$7000,5,FALSE),"")) | J55: =IF(H55=0,"",ROUND(I55*H55,2))
A56: =IF(H56>0,"x","") | B56: 4.4 | F56: =UPPER(IF($D56="",IF($C56<>"",VLOOKUP($C56,CSD!$B$11:$E$15000,2,FALSE),""),IF($D56<>"",VLOOKUP($D56,ISD!$B$11:$F$7000,2,FALSE),""))) | G56: =UPPER(IF($D56="",IF($C56<>"",VLOOKUP($C56,CSD!$B$11:$E$15000,3,FALSE),""),IF($D56<>"",VLOOKUP($D56,ISD!$B$11:$F$7000,3,FALSE),""))) | I56: =IF($D56="",IF($C56<>"",VLOOKUP($C56,CSD!$B$11:$E$15000,4,FALSE),""),IF($D56<>"",VLOOKUP($D56,ISD!$B$11:$F$7000,5,FALSE),"")) | J56: =IF(H56=0,"",ROUND(I56*H56,2))
A57: =IF(H57>0,"x","") | B57: 4.5 | F57: =UPPER(IF($D57="",IF($C57<>"",VLOOKUP($C57,CSD!$B$11:$E$15000,2,FALSE),""),IF($D57<>"",VLOOKUP($D57,ISD!$B$11:$F$7000,2,FALSE),""))) | G57: =UPPER(IF($D57="",IF($C57<>"",VLOOKUP($C57,CSD!$B$11:$E$15000,3,FALSE),""),IF($D57<>"",VLOOKUP($D57,ISD!$B$11:$F$7000,3,FALSE),""))) | I57: =IF($D57="",IF($C57<>"",VLOOKUP($C57,CSD!$B$11:$E$15000,4,FALSE),""),IF($D57<>"",VLOOKUP($D57,ISD!$B$11:$F$7000,5,FALSE),"")) | J57: =IF(H57=0,"",ROUND(I57*H57,2))
A58: =IF(H58>0,"x","") | B58: 4.6 | F58: =UPPER(IF($D58="",IF($C58<>"",VLOOKUP($C58,CSD!$B$11:$E$15000,2,FALSE),""),IF($D58<>"",VLOOKUP($D58,ISD!$B$11:$F$7000,2,FALSE),""))) | G58: =UPPER(IF($D58="",IF($C58<>"",VLOOKUP($C58,CSD!$B$11:$E$15000,3,FALSE),""),IF($D58<>"",VLOOKUP($D58,ISD!$B$11:$F$7000,3,FALSE),""))) | I58: =IF($D58="",IF($C58<>"",VLOOKUP($C58,CSD!$B$11:$E$15000,4,FALSE),""),IF($D58<>"",VLOOKUP($D58,ISD!$B$11:$F$7000,5,FALSE),"")) | J58: =IF(H58=0,"",ROUND(I58*H58,2))
A59: =IF(H59>0,"x","") | B59: 4.7 | F59: =UPPER(IF($D59="",IF($C59<>"",VLOOKUP($C59,CSD!$B$11:$E$15000,2,FALSE),""),IF($D59<>"",VLOOKUP($D59,ISD!$B$11:$F$7000,2,FALSE),""))) | G59: =UPPER(IF($D59="",IF($C59<>"",VLOOKUP($C59,CSD!$B$11:$E$15000,3,FALSE),""),IF($D59<>"",VLOOKUP($D59,ISD!$B$11:$F$7000,3,FALSE),""))) | I59: =IF($D59="",IF($C59<>"",VLOOKUP($C59,CSD!$B$11:$E$15000,4,FALSE),""),IF($D59<>"",VLOOKUP($D59,ISD!$B$11:$F$7000,5,FALSE),"")) | J59: =IF(H59=0,"",ROUND(I59*H59,2))
A60: =IF(H60>0,"x","") | B60: 4.8 | F60: =UPPER(IF($D60="",IF($C60<>"",VLOOKUP($C60,CSD!$B$11:$E$15000,2,FALSE),""),IF($D60<>"",VLOOKUP($D60,ISD!$B$11:$F$7000,2,FALSE),""))) | G60: =UPPER(IF($D60="",IF($C60<>"",VLOOKUP($C60,CSD!$B$11:$E$15000,3,FALSE),""),IF($D60<>"",VLOOKUP($D60,ISD!$B$11:$F$7000,3,FALSE),""))) | I60: =IF($D60="",IF($C60<>"",VLOOKUP($C60,CSD!$B$11:$E$15000,4,FALSE),""),IF($D60<>"",VLOOKUP($D60,ISD!$B$11:$F$7000,5,FALSE),"")) | J60: =IF(H60=0,"",ROUND(I60*H60,2))
A61: =IF(H61>0,"x","") | B61: 4.9 | F61: =UPPER(IF($D61="",IF($C61<>"",VLOOKUP($C61,CSD!$B$11:$E$15000,2,FALSE),""),IF($D61<>"",VLOOKUP($D61,ISD!$B$11:$F$7000,2,FALSE),""))) | G61: =UPPER(IF($D61="",IF($C61<>"",VLOOKUP($C61,CSD!$B$11:$E$15000,3,FALSE),""),IF($D61<>"",VLOOKUP($D61,ISD!$B$11:$F$7000,3,FALSE),""))) | I61: =IF($D61="",IF($C61<>"",VLOOKUP($C61,CSD!$B$11:$E$15000,4,FALSE),""),IF($D61<>"",VLOOKUP($D61,ISD!$B$11:$F$7000,5,FALSE),"")) | J61: =IF(H61=0,"",ROUND(I61*H61,2))
A62: =IF(H62>0,"x","") | B62: 4.10 | F62: =UPPER(IF($D62="",IF($C62<>"",VLOOKUP($C62,CSD!$B$11:$E$15000,2,FALSE),""),IF($D62<>"",VLOOKUP($D62,ISD!$B$11:$F$7000,2,FALSE),""))) | G62: =UPPER(IF($D62="",IF($C62<>"",VLOOKUP($C62,CSD!$B$11:$E$15000,3,FALSE),""),IF($D62<>"",VLOOKUP($D62,ISD!$B$11:$F$7000,3,FALSE),""))) | I62: =IF($D62="",IF($C62<>"",VLOOKUP($C62,CSD!$B$11:$E$15000,4,FALSE),""),IF($D62<>"",VLOOKUP($D62,ISD!$B$11:$F$7000,5,FALSE),"")) | J62: =IF(H62=0,"",ROUND(I62*H62,2))
A63: =IF(C63>0,"x","") -> x | B63: CP-05 | C63: EXECUÇÃO DE PASSEIO (CALÇADA) OU PISO DE CONCRETO COM CONCRETO MOLDADO IN LOCO, USINADO, ACABAMENTO CONVENCIONAL, ESPESSURA 6 CM, ARMADO COM TELA Q-138. | H63: M2 | I63: VALOR S/ BDI - | J63: =SUM(J66:J75) -> 64.44
A64: =IF(C63>0,"x","") -> x
A65: =IF(C63>0,"x","") -> x | B65: Ítem | C65: Composição | D65: Insumo | E65: Origem | F65: Descrição dos serviços | G65: Unid. | H65: Quant. | I65: Unitário s/ BDI | J65: Total s/ BDI
A66: =IF(H66>0,"x","") -> x | B66: 5.1 | C66: 88316 | F66: =UPPER(IF($D66="",IF($C66<>"",VLOOKUP($C66,CSD!$B$11:$E$15000,2,FALSE),""),IF($D66<>"",VLOOKUP($D66,ISD!$B$11:$F$7000,2,FALSE),""))) -> SERVENTE COM ENCARGOS COMPLEMENTARES | G66: =UPPER(IF($D66="",IF($C66<>"",VLOOKUP($C66,CSD!$B$11:$E$15000,3,FALSE),""),IF($D66<>"",VLOOKUP($D66,ISD!$B$11:$F$7000,3,FALSE),""))) -> H | H66: 0.1704 | I66: =IF($D66="",IF($C66<>"",VLOOKUP($C66,CSD!$B$11:$E$15000,4,FALSE),""),IF($D66<>"",VLOOKUP($D66,ISD!$B$11:$F$7000,5,FALSE),"")) -> 31.41 | J66: =IF(H66=0,"",ROUND(I66*H66,2)) -> 5.35
A67: =IF(H67>0,"x","") -> x | B67: 5.2 | C67: 88309 | F67: =UPPER(IF($D67="",IF($C67<>"",VLOOKUP($C67,CSD!$B$11:$E$15000,2,FALSE),""),IF($D67<>"",VLOOKUP($D67,ISD!$B$11:$F$7000,2,FALSE),""))) -> PEDREIRO COM ENCARGOS COMPLEMENTARES | G67: =UPPER(IF($D67="",IF($C67<>"",VLOOKUP($C67,CSD!$B$11:$E$15000,3,FALSE),""),IF($D67<>"",VLOOKUP($D67,ISD!$B$11:$F$7000,3,FALSE),""))) -> H | H67: 0.0727 | I67: =IF($D67="",IF($C67<>"",VLOOKUP($C67,CSD!$B$11:$E$15000,4,FALSE),""),IF($D67<>"",VLOOKUP($D67,ISD!$B$11:$F$7000,5,FALSE),"")) -> 40.19 | J67: =IF(H67=0,"",ROUND(I67*H67,2)) -> 2.92
A68: =IF(H68>0,"x","") -> x | B68: 5.3 | C68: 88262 | F68: =UPPER(IF($D68="",IF($C68<>"",VLOOKUP($C68,CSD!$B$11:$E$15000,2,FALSE),""),IF($D68<>"",VLOOKUP($D68,ISD!$B$11:$F$7000,2,FALSE),""))) -> CARPINTEIRO DE FORMAS COM ENCARGOS COMPLEMENTARES | G68: =UPPER(IF($D68="",IF($C68<>"",VLOOKUP($C68,CSD!$B$11:$E$15000,3,FALSE),""),IF($D68<>"",VLOOKUP($D68,ISD!$B$11:$F$7000,3,FALSE),""))) -> H | H68: 0.0976 | I68: =IF($D68="",IF($C68<>"",VLOOKUP($C68,CSD!$B$11:$E$15000,4,FALSE),""),IF($D68<>"",VLOOKUP($D68,ISD!$B$11:$F$7000,5,FALSE),"")) -> 39.5 | J68: =IF(H68=0,"",ROUND(I68*H68,2)) -> 3.86
A69: =IF(H69>0,"x","") -> x | B69: 5.4 | D69: 34492 | F69: =UPPER(IF($D69="",IF($C69<>"",VLOOKUP($C69,CSD!$B$11:$E$15000,2,FALSE),""),IF($D69<>"",VLOOKUP($D69,ISD!$B$11:$F$7000,2,FALSE),""))) -> CONCRETO USINADO BOMBEAVEL, CLASSE DE RESISTENCIA C20, COM BRITA 0 E 1, SLUMP = 100 +/- 20 MM, EXCLUI SERVICO DE BOMBEAMENTO (NBR 8953) | G69: =UPPER(IF($D69="",IF($C69<>"",VLOOKUP($C69,CSD!$B$11:$E$15000,3,FALSE),""),IF($D69<>"",VLOOKUP($D69,ISD!$B$11:$F$7000,3,FALSE),""))) -> M3 | H69: 0.0739 | I69: =IF($D69="",IF($C69<>"",VLOOKUP($C69,CSD!$B$11:$E$15000,4,FALSE),""),IF($D69<>"",VLOOKUP($D69,ISD!$B$11:$F$7000,5,FALSE),"")) -> 446.5 | J69: =IF(H69=0,"",ROUND(I69*H69,2)) -> 33
A70: =IF(H70>0,"x","") -> x | B70: 5.5 | D70: 7155 | F70: =UPPER(IF($D70="",IF($C70<>"",VLOOKUP($C70,CSD!$B$11:$E$15000,2,FALSE),""),IF($D70<>"",VLOOKUP($D70,ISD!$B$11:$F$7000,2,FALSE),""))) -> TELA DE ACO SOLDADA NERVURADA, CA-60, Q-138, (2,20 KG/M2), DIAMETRO DO FIO = 4,2 MM, LARGURA = 2,45 M, ESPACAMENTO DA MALHA = 10 X 10 CM | G70: =UPPER(IF($D70="",IF($C70<>"",VLOOKUP($C70,CSD!$B$11:$E$15000,3,FALSE),""),IF($D70<>"",VLOOKUP($D70,ISD!$B$11:$F$7000,3,FALSE),""))) -> M2 | H70: 1.0816 | I70: =IF($D70="",IF($C70<>"",VLOOKUP($C70,CSD!$B$11:$E$15000,4,FALSE),""),IF($D70<>"",VLOOKUP($D70,ISD!$B$11:$F$7000,5,FALSE),"")) -> 16.45 | J70: =IF(H70=0,"",ROUND(I70*H70,2)) -> 17.79
A71: =IF(H71>0,"x","") -> x | B71: 5.6 | D71: 5068 | F71: =UPPER(IF($D71="",IF($C71<>"",VLOOKUP($C71,CSD!$B$11:$E$15000,2,FALSE),""),IF($D71<>"",VLOOKUP($D71,ISD!$B$11:$F$7000,2,FALSE),""))) -> PREGO DE ACO POLIDO COM CABECA 17 X 21 (2 X 11) | G71: =UPPER(IF($D71="",IF($C71<>"",VLOOKUP($C71,CSD!$B$11:$E$15000,3,FALSE),""),IF($D71<>"",VLOOKUP($D71,ISD!$B$11:$F$7000,3,FALSE),""))) -> KG | H71: 0.024 | I71: =IF($D71="",IF($C71<>"",VLOOKUP($C71,CSD!$B$11:$E$15000,4,FALSE),""),IF($D71<>"",VLOOKUP($D71,ISD!$B$11:$F$7000,5,FALSE),"")) -> 16.63 | J71: =IF(H71=0,"",ROUND(I71*H71,2)) -> 0.4
A72: =IF(H72>0,"x","") -> x | B72: 5.7 | D72: 4517 | F72: =UPPER(IF($D72="",IF($C72<>"",VLOOKUP($C72,CSD!$B$11:$E$15000,2,FALSE),""),IF($D72<>"",VLOOKUP($D72,ISD!$B$11:$F$7000,2,FALSE),""))) -> SARRAFO *2,5 X 7,5* CM EM PINUS, MISTA OU EQUIVALENTE DA REGIAO - BRUTA | G72: =UPPER(IF($D72="",IF($C72<>"",VLOOKUP($C72,CSD!$B$11:$E$15000,3,FALSE),""),IF($D72<>"",VLOOKUP($D72,ISD!$B$11:$F$7000,3,FALSE),""))) -> M | H72: 0.45 | I72: =IF($D72="",IF($C72<>"",VLOOKUP($C72,CSD!$B$11:$E$15000,4,FALSE),""),IF($D72<>"",VLOOKUP($D72,ISD!$B$11:$F$7000,5,FALSE),"")) -> 2.49 | J72: =IF(H72=0,"",ROUND(I72*H72,2)) -> 1.12
A73: =IF(H73>0,"x","") | B73: 5.8 | F73: =UPPER(IF($D73="",IF($C73<>"",VLOOKUP($C73,CSD!$B$11:$E$15000,2,FALSE),""),IF($D73<>"",VLOOKUP($D73,ISD!$B$11:$F$7000,2,FALSE),""))) | G73: =UPPER(IF($D73="",IF($C73<>"",VLOOKUP($C73,CSD!$B$11:$E$15000,3,FALSE),""),IF($D73<>"",VLOOKUP($D73,ISD!$B$11:$F$7000,3,FALSE),""))) | I73: =IF($D73="",IF($C73<>"",VLOOKUP($C73,CSD!$B$11:$E$15000,4,FALSE),""),IF($D73<>"",VLOOKUP($D73,ISD!$B$11:$F$7000,5,FALSE),"")) | J73: =IF(H73=0,"",ROUND(I73*H73,2))
A74: =IF(H74>0,"x","") | B74: 5.9 | F74: =UPPER(IF($D74="",IF($C74<>"",VLOOKUP($C74,CSD!$B$11:$E$15000,2,FALSE),""),IF($D74<>"",VLOOKUP($D74,ISD!$B$11:$F$7000,2,FALSE),""))) | G74: =UPPER(IF($D74="",IF($C74<>"",VLOOKUP($C74,CSD!$B$11:$E$15000,3,FALSE),""),IF($D74<>"",VLOOKUP($D74,ISD!$B$11:$F$7000,3,FALSE),""))) | I74: =IF($D74="",IF($C74<>"",VLOOKUP($C74,CSD!$B$11:$E$15000,4,FALSE),""),IF($D74<>"",VLOOKUP($D74,ISD!$B$11:$F$7000,5,FALSE),"")) | J74: =IF(H74=0,"",ROUND(I74*H74,2))
A75: =IF(H75>0,"x","") | B75: 5.10 | F75: =UPPER(IF($D75="",IF($C75<>"",VLOOKUP($C75,CSD!$B$11:$E$15000,2,FALSE),""),IF($D75<>"",VLOOKUP($D75,ISD!$B$11:$F$7000,2,FALSE),""))) | G75: =UPPER(IF($D75="",IF($C75<>"",VLOOKUP($C75,CSD!$B$11:$E$15000,3,FALSE),""),IF($D75<>"",VLOOKUP($D75,ISD!$B$11:$F$7000,3,FALSE),""))) | I75: =IF($D75="",IF($C75<>"",VLOOKUP($C75,CSD!$B$11:$E$15000,4,FALSE),""),IF($D75<>"",VLOOKUP($D75,ISD!$B$11:$F$7000,5,FALSE),"")) | J75: =IF(H75=0,"",ROUND(I75*H75,2))
A76: =IF(C76>0,"x","") -> x | B76: CP-06 | C76: EXECUÇÃO E COMPACTAÇÃO DE ATERRO - INCLUSIVE SOLO, CARGA E TRANSPORTE | H76: M3 | I76: VALOR S/ BDI - | J76: =SUM(J79:J88) -> 123.48
A77: =IF(C76>0,"x","") -> x
A78: =IF(C76>0,"x","") -> x | B78: Ítem | C78: Composição | D78: Insumo | E78: Origem | F78: Descrição dos serviços | G78: Unid. | H78: Quant. | I78: Unitário s/ BDI | J78: Total s/ BDI
A79: =IF(H79>0,"x","") -> x | B79: 6.1 | C79: 94339 | E79: SINAPI | F79: =UPPER(IF($D79="",IF($C79<>"",VLOOKUP($C79,[1]CSD!$B$11:$E$15000,2,FALSE),""),IF($D79<>"",VLOOKUP($D79,[1]ISD!$B$11:$F$7000,2,FALSE),""))) -> ATERRO MECANIZADO DE VALA COM RETROESCAVADEIRA (CAPACIDADE DA CAÇAMBA DA RETRO: 0,26 M³/POTÊNCIA: 88 HP), LARGURA ATÉ 1,5 M, PROFUNDIDADE ATÉ 1,5 M, COM AREIA PARA ATERRO. AF_08/2023 | G79: =UPPER(IF($D79="",IF($C79<>"",VLOOKUP($C79,[1]CSD!$B$11:$E$15000,3,FALSE),""),IF($D79<>"",VLOOKUP($D79,[1]ISD!$B$11:$F$7000,3,FALSE),""))) -> M3 | H79: 1 | I79: =IF($D79="",IF($C79<>"",VLOOKUP($C79,[1]CSD!$B$11:$E$15000,4,FALSE),""),IF($D79<>"",VLOOKUP($D79,[1]ISD!$B$11:$F$7000,5,FALSE),"")) -> 114.93 | J79: =IF(H79=0,"",ROUND(I79*H79,2)) -> 114.93
A80: =IF(H80>0,"x","") -> x | B80: 6.2 | C80: 5915321 | E80: SICRO | F80: TRANSPORTE COM CAMINHÃO BASCULANTE DE 14M³ - RODOVIA PAVIMENTADA | G80: TKM | H80: =H79*1.6*6.6 -> 10.56 | I80: 0.81 | J80: =IF(H80=0,"",ROUND(I80*H80,2)) -> 8.55
A81: =IF(H81>0,"x","") | B81: 6.3
A82: =IF(H82>0,"x","") | B82: 6.4 | F82: =UPPER(IF($D82="",IF($C82<>"",VLOOKUP($C82,CSD!$B$11:$E$15000,2,FALSE),""),IF($D82<>"",VLOOKUP($D82,ISD!$B$11:$F$7000,2,FALSE),""))) | G82: =UPPER(IF($D82="",IF($C82<>"",VLOOKUP($C82,CSD!$B$11:$E$15000,3,FALSE),""),IF($D82<>"",VLOOKUP($D82,ISD!$B$11:$F$7000,3,FALSE),""))) | I82: =IF($D82="",IF($C82<>"",VLOOKUP($C82,CSD!$B$11:$E$15000,4,FALSE),""),IF($D82<>"",VLOOKUP($D82,ISD!$B$11:$F$7000,5,FALSE),"")) | J82: =IF(H82=0,"",ROUND(I82*H82,2))
A83: =IF(H83>0,"x","") | B83: 6.5 | F83: =UPPER(IF($D83="",IF($C83<>"",VLOOKUP($C83,CSD!$B$11:$E$15000,2,FALSE),""),IF($D83<>"",VLOOKUP($D83,ISD!$B$11:$F$7000,2,FALSE),""))) | G83: =UPPER(IF($D83="",IF($C83<>"",VLOOKUP($C83,CSD!$B$11:$E$15000,3,FALSE),""),IF($D83<>"",VLOOKUP($D83,ISD!$B$11:$F$7000,3,FALSE),""))) | I83: =IF($D83="",IF($C83<>"",VLOOKUP($C83,CSD!$B$11:$E$15000,4,FALSE),""),IF($D83<>"",VLOOKUP($D83,ISD!$B$11:$F$7000,5,FALSE),"")) | J83: =IF(H83=0,"",ROUND(I83*H83,2))
A84: =IF(H84>0,"x","") | B84: 6.6 | F84: =UPPER(IF($D84="",IF($C84<>"",VLOOKUP($C84,CSD!$B$11:$E$15000,2,FALSE),""),IF($D84<>"",VLOOKUP($D84,ISD!$B$11:$F$7000,2,FALSE),""))) | G84: =UPPER(IF($D84="",IF($C84<>"",VLOOKUP($C84,CSD!$B$11:$E$15000,3,FALSE),""),IF($D84<>"",VLOOKUP($D84,ISD!$B$11:$F$7000,3,FALSE),""))) | I84: =IF($D84="",IF($C84<>"",VLOOKUP($C84,CSD!$B$11:$E$15000,4,FALSE),""),IF($D84<>"",VLOOKUP($D84,ISD!$B$11:$F$7000,5,FALSE),"")) | J84: =IF(H84=0,"",ROUND(I84*H84,2))
A85: =IF(H85>0,"x","") | B85: 6.7 | F85: =UPPER(IF($D85="",IF($C85<>"",VLOOKUP($C85,CSD!$B$11:$E$15000,2,FALSE),""),IF($D85<>"",VLOOKUP($D85,ISD!$B$11:$F$7000,2,FALSE),""))) | G85: =UPPER(IF($D85="",IF($C85<>"",VLOOKUP($C85,CSD!$B$11:$E$15000,3,FALSE),""),IF($D85<>"",VLOOKUP($D85,ISD!$B$11:$F$7000,3,FALSE),""))) | I85: =IF($D85="",IF($C85<>"",VLOOKUP($C85,CSD!$B$11:$E$15000,4,FALSE),""),IF($D85<>"",VLOOKUP($D85,ISD!$B$11:$F$7000,5,FALSE),"")) | J85: =IF(H85=0,"",ROUND(I85*H85,2))
A86: =IF(H86>0,"x","") | B86: 6.8 | F86: =UPPER(IF($D86="",IF($C86<>"",VLOOKUP($C86,CSD!$B$11:$E$15000,2,FALSE),""),IF($D86<>"",VLOOKUP($D86,ISD!$B$11:$F$7000,2,FALSE),""))) | G86: =UPPER(IF($D86="",IF($C86<>"",VLOOKUP($C86,CSD!$B$11:$E$15000,3,FALSE),""),IF($D86<>"",VLOOKUP($D86,ISD!$B$11:$F$7000,3,FALSE),""))) | I86: =IF($D86="",IF($C86<>"",VLOOKUP($C86,CSD!$B$11:$E$15000,4,FALSE),""),IF($D86<>"",VLOOKUP($D86,ISD!$B$11:$F$7000,5,FALSE),"")) | J86: =IF(H86=0,"",ROUND(I86*H86,2))
A87: =IF(H87>0,"x","") | B87: 6.9 | F87: =UPPER(IF($D87="",IF($C87<>"",VLOOKUP($C87,CSD!$B$11:$E$15000,2,FALSE),""),IF($D87<>"",VLOOKUP($D87,ISD!$B$11:$F$7000,2,FALSE),""))) | G87: =UPPER(IF($D87="",IF($C87<>"",VLOOKUP($C87,CSD!$B$11:$E$15000,3,FALSE),""),IF($D87<>"",VLOOKUP($D87,ISD!$B$11:$F$7000,3,FALSE),""))) | I87: =IF($D87="",IF($C87<>"",VLOOKUP($C87,CSD!$B$11:$E$15000,4,FALSE),""),IF($D87<>"",VLOOKUP($D87,ISD!$B$11:$F$7000,5,FALSE),"")) | J87: =IF(H87=0,"",ROUND(I87*H87,2))
A88: =IF(H88>0,"x","") | B88: 6.10 | F88: =UPPER(IF($D88="",IF($C88<>"",VLOOKUP($C88,CSD!$B$11:$E$15000,2,FALSE),""),IF($D88<>"",VLOOKUP($D88,ISD!$B$11:$F$7000,2,FALSE),""))) | G88: =UPPER(IF($D88="",IF($C88<>"",VLOOKUP($C88,CSD!$B$11:$E$15000,3,FALSE),""),IF($D88<>"",VLOOKUP($D88,ISD!$B$11:$F$7000,3,FALSE),""))) | I88: =IF($D88="",IF($C88<>"",VLOOKUP($C88,CSD!$B$11:$E$15000,4,FALSE),""),IF($D88<>"",VLOOKUP($D88,ISD!$B$11:$F$7000,5,FALSE),"")) | J88: =IF(H88=0,"",ROUND(I88*H88,2))
A89: =IF(C89>0,"x","") | B89: CP-07 | I89: VALOR S/ BDI - | J89: =SUM(J92:J101) -> 0
A90: =IF(C89>0,"x","")
A91: =IF(C89>0,"x","") | B91: Ítem | C91: Composição | D91: Insumo | E91: Origem | F91: Descrição dos serviços | G91: Unid. | H91: Quant. | I91: Unitário s/ BDI | J91: Total s/ BDI
A92: =IF(H92>0,"x","") | B92: 7.1 | F92: =UPPER(IF($D92="",IF($C92<>"",VLOOKUP($C92,CSD!$B$11:$E$15000,2,FALSE),""),IF($D92<>"",VLOOKUP($D92,ISD!$B$11:$F$7000,2,FALSE),""))) | G92: =UPPER(IF($D92="",IF($C92<>"",VLOOKUP($C92,CSD!$B$11:$E$15000,3,FALSE),""),IF($D92<>"",VLOOKUP($D92,ISD!$B$11:$F$7000,3,FALSE),""))) | I92: =IF($D92="",IF($C92<>"",VLOOKUP($C92,CSD!$B$11:$E$15000,4,FALSE),""),IF($D92<>"",VLOOKUP($D92,ISD!$B$11:$F$7000,5,FALSE),"")) | J92: =IF(H92=0,"",ROUND(I92*H92,2))
A93: =IF(H93>0,"x","") | B93: 7.2 | F93: =UPPER(IF($D93="",IF($C93<>"",VLOOKUP($C93,CSD!$B$11:$E$15000,2,FALSE),""),IF($D93<>"",VLOOKUP($D93,ISD!$B$11:$F$7000,2,FALSE),""))) | G93: =UPPER(IF($D93="",IF($C93<>"",VLOOKUP($C93,CSD!$B$11:$E$15000,3,FALSE),""),IF($D93<>"",VLOOKUP($D93,ISD!$B$11:$F$7000,3,FALSE),""))) | I93: =IF($D93="",IF($C93<>"",VLOOKUP($C93,CSD!$B$11:$E$15000,4,FALSE),""),IF($D93<>"",VLOOKUP($D93,ISD!$B$11:$F$7000,5,FALSE),"")) | J93: =IF(H93=0,"",ROUND(I93*H93,2))
A94: =IF(H94>0,"x","") | B94: 7.3 | F94: =UPPER(IF($D94="",IF($C94<>"",VLOOKUP($C94,CSD!$B$11:$E$15000,2,FALSE),""),IF($D94<>"",VLOOKUP($D94,ISD!$B$11:$F$7000,2,FALSE),""))) | G94: =UPPER(IF($D94="",IF($C94<>"",VLOOKUP($C94,CSD!$B$11:$E$15000,3,FALSE),""),IF($D94<>"",VLOOKUP($D94,ISD!$B$11:$F$7000,3,FALSE),""))) | I94: =IF($D94="",IF($C94<>"",VLOOKUP($C94,CSD!$B$11:$E$15000,4,FALSE),""),IF($D94<>"",VLOOKUP($D94,ISD!$B$11:$F$7000,5,FALSE),"")) | J94: =IF(H94=0,"",ROUND(I94*H94,2))
A95: =IF(H95>0,"x","") | B95: 7.4 | F95: =UPPER(IF($D95="",IF($C95<>"",VLOOKUP($C95,CSD!$B$11:$E$15000,2,FALSE),""),IF($D95<>"",VLOOKUP($D95,ISD!$B$11:$F$7000,2,FALSE),""))) | G95: =UPPER(IF($D95="",IF($C95<>"",VLOOKUP($C95,CSD!$B$11:$E$15000,3,FALSE),""),IF($D95<>"",VLOOKUP($D95,ISD!$B$11:$F$7000,3,FALSE),""))) | I95: =IF($D95="",IF($C95<>"",VLOOKUP($C95,CSD!$B$11:$E$15000,4,FALSE),""),IF($D95<>"",VLOOKUP($D95,ISD!$B$11:$F$7000,5,FALSE),"")) | J95: =IF(H95=0,"",ROUND(I95*H95,2))
A96: =IF(H96>0,"x","") | B96: 7.5 | F96: =UPPER(IF($D96="",IF($C96<>"",VLOOKUP($C96,CSD!$B$11:$E$15000,2,FALSE),""),IF($D96<>"",VLOOKUP($D96,ISD!$B$11:$F$7000,2,FALSE),""))) | G96: =UPPER(IF($D96="",IF($C96<>"",VLOOKUP($C96,CSD!$B$11:$E$15000,3,FALSE),""),IF($D96<>"",VLOOKUP($D96,ISD!$B$11:$F$7000,3,FALSE),""))) | I96: =IF($D96="",IF($C96<>"",VLOOKUP($C96,CSD!$B$11:$E$15000,4,FALSE),""),IF($D96<>"",VLOOKUP($D96,ISD!$B$11:$F$7000,5,FALSE),"")) | J96: =IF(H96=0,"",ROUND(I96*H96,2))
A97: =IF(H97>0,"x","") | B97: 7.6 | F97: =UPPER(IF($D97="",IF($C97<>"",VLOOKUP($C97,CSD!$B$11:$E$15000,2,FALSE),""),IF($D97<>"",VLOOKUP($D97,ISD!$B$11:$F$7000,2,FALSE),""))) | G97: =UPPER(IF($D97="",IF($C97<>"",VLOOKUP($C97,CSD!$B$11:$E$15000,3,FALSE),""),IF($D97<>"",VLOOKUP($D97,ISD!$B$11:$F$7000,3,FALSE),""))) | I97: =IF($D97="",IF($C97<>"",VLOOKUP($C97,CSD!$B$11:$E$15000,4,FALSE),""),IF($D97<>"",VLOOKUP($D97,ISD!$B$11:$F$7000,5,FALSE),"")) | J97: =IF(H97=0,"",ROUND(I97*H97,2))
A98: =IF(H98>0,"x","") | B98: 7.7 | F98: =UPPER(IF($D98="",IF($C98<>"",VLOOKUP($C98,CSD!$B$11:$E$15000,2,FALSE),""),IF($D98<>"",VLOOKUP($D98,ISD!$B$11:$F$7000,2,FALSE),""))) | G98: =UPPER(IF($D98="",IF($C98<>"",VLOOKUP($C98,CSD!$B$11:$E$15000,3,FALSE),""),IF($D98<>"",VLOOKUP($D98,ISD!$B$11:$F$7000,3,FALSE),""))) | I98: =IF($D98="",IF($C98<>"",VLOOKUP($C98,CSD!$B$11:$E$15000,4,FALSE),""),IF($D98<>"",VLOOKUP($D98,ISD!$B$11:$F$7000,5,FALSE),"")) | J98: =IF(H98=0,"",ROUND(I98*H98,2))
A99: =IF(H99>0,"x","") | B99: 7.8 | F99: =UPPER(IF($D99="",IF($C99<>"",VLOOKUP($C99,CSD!$B$11:$E$15000,2,FALSE),""),IF($D99<>"",VLOOKUP($D99,ISD!$B$11:$F$7000,2,FALSE),""))) | G99: =UPPER(IF($D99="",IF($C99<>"",VLOOKUP($C99,CSD!$B$11:$E$15000,3,FALSE),""),IF($D99<>"",VLOOKUP($D99,ISD!$B$11:$F$7000,3,FALSE),""))) | I99: =IF($D99="",IF($C99<>"",VLOOKUP($C99,CSD!$B$11:$E$15000,4,FALSE),""),IF($D99<>"",VLOOKUP($D99,ISD!$B$11:$F$7000,5,FALSE),"")) | J99: =IF(H99=0,"",ROUND(I99*H99,2))
A100: =IF(H100>0,"x","") | B100: 7.9 | F100: =UPPER(IF($D100="",IF($C100<>"",VLOOKUP($C100,CSD!$B$11:$E$15000,2,FALSE),""),IF($D100<>"",VLOOKUP($D100,ISD!$B$11:$F$7000,2,FALSE),""))) | G100: =UPPER(IF($D100="",IF($C100<>"",VLOOKUP($C100,CSD!$B$11:$E$15000,3,FALSE),""),IF($D100<>"",VLOOKUP($D100,ISD!$B$11:$F$7000,3,FALSE),""))) | I100: =IF($D100="",IF($C100<>"",VLOOKUP($C100,CSD!$B$11:$E$15000,4,FALSE),""),IF($D100<>"",VLOOKUP($D100,ISD!$B$11:$F$7000,5,FALSE),"")) | J100: =IF(H100=0,"",ROUND(I100*H100,2))
A101: =IF(H101>0,"x","") | B101: 7.10 | F101: =UPPER(IF($D101="",IF($C101<>"",VLOOKUP($C101,CSD!$B$11:$E$15000,2,FALSE),""),IF($D101<>"",VLOOKUP($D101,ISD!$B$11:$F$7000,2,FALSE),""))) | G101: =UPPER(IF($D101="",IF($C101<>"",VLOOKUP($C101,CSD!$B$11:$E$15000,3,FALSE),""),IF($D101<>"",VLOOKUP($D101,ISD!$B$11:$F$7000,3,FALSE),""))) | I101: =IF($D101="",IF($C101<>"",VLOOKUP($C101,CSD!$B$11:$E$15000,4,FALSE),""),IF($D101<>"",VLOOKUP($D101,ISD!$B$11:$F$7000,5,FALSE),"")) | J101: =IF(H101=0,"",ROUND(I101*H101,2))
...

Sheet Cotação
A2: x | E2: Prefeitura Municipal de Pontal do Paraná
A3: x | E3: Secretaria Municipal de Planejamento Urbano e Infraestrutura
A4: x
A5: x
A6: x | B6: Obra: | D6: ='P.O. CALÇADAS E BOLSÃO '!E6 -> URBANIZAÇÃO DE CALÇADAS - AV. DEP. ANIBAL KHURY - PROJETO ORLA | G6: Data: | I6: =TODAY() -> 46322
A7: x | B7: Local: | D7: ='P.O. CALÇADAS E BOLSÃO '!E7 -> AV. DEP. ANIBAL KHURY - PROJETO ORLA
A8: x
A9: x | B9: TABELA DE COTAÇÃO
A10: x
A11: =IF(C11>0,"x","") | B11: 1 | H11: MÉDIA | I11: =ROUND(AVERAGE(I14:I19),2) -> 0
A12: =IF(C11>0,"x","")
A13: =IF(C11>0,"x","") | B13: Nº | C13: Contato | D13: CNPJ | E13: Fornecedora | F13: Unid. | G13: Quant. | H13: Unitário | I13: Total
A14: =IF(G14>0,"x","") | B14: 1 | I14: =ROUND(G14*H14,2) -> 0
A15: =IF(G15>0,"x","") | B15: =B14+1 -> 2 | I15: =ROUND(G15*H15,2) -> 0
A16: =IF(G16>0,"x","") | B16: =B15+1 -> 3 | I16: =ROUND(G16*H16,2) -> 0
A17: =IF(G17>0,"x","") | B17: =B16+1 -> 4 | I17: =ROUND(G17*H17,2) -> 0
A18: =IF(G18>0,"x","") | B18: =B17+1 -> 5 | I18: =ROUND(G18*H18,2) -> 0
A19: =IF(G19>0,"x","") | B19: =B18+1 -> 6 | I19: =ROUND(G19*H19,2) -> 0
A20: =IF(C20>0,"x","") | B20: 2 | H20: MÉDIA | I20: =ROUND(AVERAGE(I23:I28),2) -> 0
A21: =IF(C20>0,"x","")
A22: =IF(C20>0,"x","") | B22: Nº | C22: Contato | D22: CNPJ | E22: Fornecedora | F22: Unid. | G22: Quant. | H22: Unitário | I22: Total
A23: =IF(G23>0,"x","") | B23: 1 | I23: =ROUND(G23*H23,2) -> 0
A24: =IF(G24>0,"x","") | B24: =B23+1 -> 2 | I24: =ROUND(G24*H24,2) -> 0
A25: =IF(G25>0,"x","") | B25: =B24+1 -> 3 | I25: =ROUND(G25*H25,2) -> 0
A26: =IF(G26>0,"x","") | B26: =B25+1 -> 4 | I26: =ROUND(G26*H26,2) -> 0
A27: =IF(G27>0,"x","") | B27: =B26+1 -> 5 | I27: =ROUND(G27*H27,2) -> 0
A28: =IF(G28>0,"x","") | B28: =B27+1 -> 6 | I28: =ROUND(G28*H28,2) -> 0
A29: =IF(C29>0,"x","") | B29: 2 | H29: MÉDIA | I29: =ROUND(AVERAGE(I32:I37),2) -> 0
A30: =IF(C29>0,"x","")
A31: =IF(C29>0,"x","") | B31: Nº | C31: Contato | D31: CNPJ | E31: Fornecedora | F31: Unid. | G31: Quant. | H31: Unitário | I31: Total
A32: =IF(G32>0,"x","") | B32: 1 | I32: =ROUND(G32*H32,2) -> 0
A33: =IF(G33>0,"x","") | B33: =B32+1 -> 2 | I33: =ROUND(G33*H33,2) -> 0
A34: =IF(G34>0,"x","") | B34: =B33+1 -> 3 | I34: =ROUND(G34*H34,2) -> 0
A35: =IF(G35>0,"x","") | B35: =B34+1 -> 4 | I35: =ROUND(G35*H35,2) -> 0
A36: =IF(G36>0,"x","") | B36: =B35+1 -> 5 | I36: =ROUND(G36*H36,2) -> 0
A37: =IF(G37>0,"x","") | B37: =B36+1 -> 6 | I37: =ROUND(G37*H37,2) -> 0
A38: =IF(G38>0,"x","")
A39: =IF(G39>0,"x","")
A40: =IF(G40>0,"x","")
A41: =IF(G41>0,"x","")
A42: =IF(G42>0,"x","")
A43: =IF(G43>0,"x","")
A44: =IF(G44>0,"x","")
A45: =IF(G45>0,"x","")
A46: =IF(G46>0,"x","")
A47: x
A48: x
A49: x
A50: x
A51: x
A52: x
A53: x
A54: x
A55: x | F55: ______________________________________________________________
A56: x | F56: ='P.O. CALÇADAS E BOLSÃO '!H81 -> Lucas Scomação Jacon
A57: x | F57: ='P.O. CALÇADAS E BOLSÃO '!H82 -> Eng. Civil - CREA: PR-211223/D
A58: =IF(G58>0,"x","")
A59: =IF(G59>0,"x","")
A60: =IF(G60>0,"x","")
A61: =IF(G61>0,"x","")
A62: =IF(G62>0,"x","")
A63: =IF(G63>0,"x","")
A64: =IF(G64>0,"x","")
A65: =IF(G65>0,"x","")
A66: =IF(G66>0,"x","")
A67: =IF(G67>0,"x","")
A68: =IF(G68>0,"x","")
A69: =IF(G69>0,"x","")
... A1036: =IF(G1036>0,"x","")
A1391: x
A1392: x
A1393: x
A1394: x
A1395: x
A1396: x
A1397: =IF(G1397>0,"x","")
A1398: =IF(G1398>0,"x","")
A1399: =IF(G1399>0,"x","")
A1400: =IF(G1400>0,"x","")
A1401: =IF(G1401>0,"x","")
A1402: =IF(G1402>0,"x","")
A1403: =IF(G1403>0,"x","")
A1404: =IF(G1404>0,"x","")
A1405: =IF(G1405>0,"x","")
A1406: =IF(G1406>0,"x","")
A1407: X
A1408: X
A1409: =IF(G1409>0,"x","")
A1410: =IF(G1410>0,"x","")
A1411: =IF(G1411>0,"x","")
A1412: =IF(G1412>0,"x","")
A1413: =IF(G1413>0,"x","")
A1414: =IF(G1414>0,"x","")
A1415: =IF(G1415>0,"x","")
A1416: =IF(G1416>0,"x","")
A1417: =IF(G1417>0,"x","")
A1418: =IF(G1418>0,"x","")
A1419: =IF(G1419>0,"x","")
A1420: =IF(G1420>0,"x","")
A1421: =IF(G1421>0,"x","")
...

Sheet BDI SERVIÇOS
A8: COMPOSIÇÃO DE BDI - EDIFICAÇÕES
A9: VALOR TOTAL DA OBRA/SERVIÇO (R$): | G9: ='P.O. CALÇADAS E BOLSÃO '!K8 -> 2615069.1
A10: ITEM | B10: DISCRIMINAÇÃO | C10: TAXA (%) | D10: SITUAÇÃO DO INTERVALO ADMISSIVEL | E10: PARCELAS DO BDI (%)
E11: 1 Quartil | F11: Médio | G11: 3 Quartil
A12: 1 | B12: AC - ADMINISTRAÇÃO CENTRAL | C12: 0.0401 | D12: =IF(AND(C12>=E12,C12<=G12),"OK","DIFERE") -> OK | E12: 0.038 | F12: 0.0401 | G12: 0.0467
A13: 2 | B13: SG - SEGUROS + GARANTIA | C13: 0.004 | D13: =IF(AND(C13>=E13,C13<=G13),"OK","DIFERE") -> OK | E13: 0.0032 | F13: 0.004 | G13: 0.0074
A14: 3 | B14: R - RISCOS | C14: 0.0056 | D14: =IF(AND(C14>=E14,C14<=G14),"OK","DIFERE") -> OK | E14: 0.005 | F14: 0.0056 | G14: 0.0097
A15: 4 | B15: DF - DESPESAS FINANCEIRAS | C15: 0.0111 | D15: =IF(AND(C15>=E15,C15<=G15),"OK","DIFERE") -> OK | E15: 0.0102 | F15: 0.0111 | G15: 0.0121
A16: 5 | B16: L - LUCRO BRUTO | C16: 0.073 | D16: =IF(AND(C16>=E16,C16<=G16),"OK","DIFERE") -> OK | E16: 0.0664 | F16: 0.073 | G16: 0.0869
A17: 6 | B17: I - IMPOSTOS | C17: =SUM(C18:C20) -> 0.0565 | D17: Equação Acordão TCU 2.622/2013 - Plenário
A18: 6.1 | B18: PIS | C18: 0.0065
A19: 6.2 | B19: COFINS | C19: 0.03
A20: 6.3 | B20: ISS (CONFORME LEGISLAÇÃO MUNICIPAL) | C20: 0.02
A21: TOTAL DO BDI (R$) | C21: =G9-C22 -> 448483.26 | D21: Parâmetros do Acórdão 2.622/2013 - Plenário
A22: TOTAL DO CUSTO DIRETO (R$) | C22: =ROUND((G9/(1+C23)),2) -> 2166585.8 | D22: Quartis / % | E22: 1 Quartil | F22: Médio | G22: 3 Quartil
A23: BDI (%) | C23: =ROUND((((1+$C12+$C13+$C14)*(1+$C15)*(1+$C16)/(1-$C17)))-1,4) -> 0.207 | D23: =IF(AND($C23>=$E23,$C23<=$G23),"OK","DIFERE") -> OK | E23: 0.196 | F23: 0.2095 | G23: 0.2423
A25: Onde:
A26: AC: taxa de administração central;
A27: S: taxa de seguros;
A28: G: taxa de garantias;
A29: R: taxa de riscos;
A30: DF: taxa de despesas financeiras;
A31: L: taxa de lucro/remuneração;
A32: I: taxa de incidência de impostos (PIS, COFINS, ISS).
A37: _____________________________________________________________
A38: ='P.O. CALÇADAS E BOLSÃO '!H81 -> Lucas Scomação Jacon
A39: ='P.O. CALÇADAS E BOLSÃO '!H82 -> Eng. Civil - CREA: PR-211223/D

Sheet BDI MAT. E EQUIP.
A8: COMPOSIÇÃO DE BDI - EDIFICAÇÕES
A9: VALOR TOTAL DA OBRA/SERVIÇO (R$): | G9: ='P.O. CALÇADAS E BOLSÃO '!K8 -> 2615069.1
A10: ITEM | B10: DISCRIMINAÇÃO | C10: TAXA (%) | D10: SITUAÇÃO DO INTERVALO ADMISSIVEL | E10: PARCELAS DO BDI (%)
E11: 1 Quartil | F11: Médio | G11: 3 Quartil
A12: 1 | B12: AC - ADMINISTRAÇÃO CENTRAL | C12: 0.0345 | D12: =IF(AND(C12>=E12,C12<=G12),"OK","DIFERE") -> OK | E12: 0.015 | F12: 0.0345 | G12: 0.0449
A13: 2 | B13: SG - SEGUROS + GARANTIA | C13: 0.0048 | D13: =IF(AND(C13>=E13,C13<=G13),"OK","DIFERE") -> OK | E13: 0.003 | F13: 0.0048 | G13: 0.0082
A14: 3 | B14: R - RISCOS | C14: 0.0085 | D14: =IF(AND(C14>=E14,C14<=G14),"OK","DIFERE") -> OK | E14: 0.0056 | F14: 0.0085 | G14: 0.0089
A15: 4 | B15: DF - DESPESAS FINANCEIRAS | C15: 0.0085 | D15: =IF(AND(C15>=E15,C15<=G15),"OK","DIFERE") -> OK | E15: 0.0085 | F15: 0.0085 | G15: 0.0111
A16: 5 | B16: L - LUCRO BRUTO | C16: 0.0511 | D16: =IF(AND(C16>=E16,C16<=G16),"OK","DIFERE") -> OK | E16: 0.035 | F16: 0.0511 | G16: 0.0622
A17: 6 | B17: I - IMPOSTOS | C17: =SUM(C18:C19) -> 0.0365 | D17: Equação Acordão TCU 2.622/2013 - Plenário
A18: 6.1 | B18: PIS | C18: 0.0065
A19: 6.2 | B19: COFINS | C19: 0.03
A20: TOTAL DO BDI (R$) | C20: =G9-C21 -> 346619.15 | D20: Parâmetros do Acórdão 2.622/2013 - Plenário
A21: TOTAL DO CUSTO DIRETO (R$) | C21: =ROUND((G9/(1+C22)),2) -> 2268449.9 | D21: Quartis / % | E21: 1 Quartil | F21: Médio | G21: 3 Quartil
A22: BDI (%) | C22: =ROUND((((1+$C12+$C13+$C14)*(1+$C15)*(1+$C16)/(1-$C17)))-1,4) -> 0.1528 | D22: =IF(AND($C22>=$E22,$C22<=$G22),"OK","DIFERE") -> OK | E22: 0.111 | F22: 0.1402 | G22: 0.168
A24: Onde:
A25: AC: taxa de administração central;
A26: S: taxa de seguros;
A27: G: taxa de garantias;
A28: R: taxa de riscos;
A29: DF: taxa de despesas financeiras;
A30: L: taxa de lucro/remuneração;
A31: I: taxa de incidência de impostos (PIS, COFINS, ISS).
A36: _____________________________________________________________
A37: ='P.O. CALÇADAS E BOLSÃO '!H81 -> Lucas Scomação Jacon
A38: ='P.O. CALÇADAS E BOLSÃO '!H82 -> Eng. Civil - CREA: PR-211223/D

Sheet CRONOGRAMA
A1: CRONOGRAMA FÍSICO-FINANCEIRO | C1: PRAZO | I1: VALOR (R$) / % | J1: % SERVIÇO TOTAL
A2: ITEM | B2: SERVIÇOS | C2: 1º MÊS | D2: 2º MÊS | E2: 3º MÊS | F2: 4º MÊS | G2: 5º MÊS | H2: 6º MÊS
A3: 1 | B3: ='P.O. CALÇADAS E BOLSÃO '!C14 -> SERVIÇOS COMPLEMENTARES | C3: 41627.87 | D3: 1207 | E3: 1207 | F3: 1207 | G3: 1207 | H3: 1207 | I3: ='P.O. CALÇADAS E BOLSÃO '!K14 -> 47662.87 | J3: =I3/$I$9 -> 0.018226238
C4: =C3/$I$3 -> 0.87338152 | D4: =D3/$I$3 -> 0.025323695 | E4: =E3/$I$3 -> 0.025323695 | F4: =F3/$I$3 -> 0.025323695 | G4: =G3/$I$3 -> 0.025323695 | H4: =H3/$I$3 -> 0.025323695 | I4: =IF(SUM(C4:H4)>100.01%,FALSE,SUM(C4:H4)) -> 1
A5: =A3+1 -> 2 | B5: ='P.O. CALÇADAS E BOLSÃO '!C23 -> SERVIÇOS DE URBANIZAÇÃO | C5: =$I5*C6 -> 331316.39 | D5: =$I5*D6 -> 331316.39 | E5: =$I5*E6 -> 331316.39 | F5: =$I5*F6 -> 331316.39 | G5: =$I5*G6 -> 331316.39 | H5: =$I5*H6 -> 0 | I5: ='P.O. CALÇADAS E BOLSÃO '!K23 -> 1656581.9 | J5: =I5/$I$9 -> 0.6334754
C6: 0.2 | D6: 0.2 | E6: 0.2 | F6: 0.2 | G6: 0.2 | H6: 0 | I6: =IF(SUM(C6:H6)>100.01%,FALSE,SUM(C6:H6)) -> 1
A7: =A5+1 -> 3 | B7: ='P.O. CALÇADAS E BOLSÃO '!C43 -> EXECUÇÃO DE PAVIMENTAÇÃO EM BOLSÕES E TRAVESSIAS | C7: 85472.54 | D7: 85472.54 | E7: 85472.54 | F7: 85472.54 | G7: 85472.52 | H7: 483461.58 | I7: ='P.O. CALÇADAS E BOLSÃO '!K43 -> 910824.26 | J7: =I7/$I$9 -> 0.34829836
C8: =C7/$I$7 -> 0.093840869 | D8: =D7/$I$7 -> 0.093840869 | E8: =E7/$I$7 -> 0.093840869 | F8: =F7/$I$7 -> 0.093840869 | G8: =G7/$I$7 -> 0.093840847 | H8: =H7/$I$7 -> 0.53079568 | I8: =IF(SUM(C8:H8)>100.01%,FALSE,SUM(C8:H8)) -> 1
A9: TOTAL DAS PARCELAS (R$) | C9: =SUM(C3,C5,C7) -> 458416.8 | D9: =SUM(D3,D5,D7) -> 417995.93 | E9: =SUM(E3,E5,E7) -> 417995.93 | F9: =SUM(F3,F5,F7) -> 417995.93 | G9: =SUM(G3,G5,G7) -> 417995.91 | H9: =SUM(H3,H5,H7) -> 484668.58 | I9: =SUM(I3,I5,I7) -> 2615069.1 | J9: =I9/$I$9 -> 1
A10: TOTAL DAS PARCELAS (%) | C10: =C9/$I$9 -> 0.17529816 | D10: =D9/$I$9 -> 0.15984126 | E10: =E9/$I$9 -> 0.15984126 | F10: =F9/$I$9 -> 0.15984126 | G10: =G9/$I$9 -> 0.15984125 | H10: =H9/$I$9 -> 0.18533682 | I10: =SUM(C10:H10) -> 1
A11: TOTAL ACUMULADO DAS PARCELAS (R$) | C11: =C9 -> 458416.8 | D11: =C11+D9 -> 876412.72 | E11: =D11+E9 -> 1294408.6 | F11: =E11+F9 -> 1712404.6 | G11: =F11+G9 -> 2130400.5 | H11: =G11+H9 -> 2615069.1 | I11: =IF(I9=H11,"OK","FALSO") -> OK
A12: TOTAL ACUMULADO DAS PARCELAS (%) | C12: =C10 -> 0.17529816 | D12: =C12+D10 -> 0.33513942 | E12: =D12+E10 -> 0.49498067 | F12: =E12+F10 -> 0.65482193 | G12: =F12+G10 -> 0.81466318 | H12: =G12+H10 -> 1
A18: ______________________________________________________________________
A19: ='P.O. CALÇADAS E BOLSÃO '!H81 -> Lucas Scomação Jacon
A20: ='P.O. CALÇADAS E BOLSÃO '!H82 -> Eng. Civil - CREA: PR-211223/D

Sheet CSD
A1: SINAPI - Sistema Nacional de Pesquisa de Custos e Índices da Construção Civil
A2: RELATÓRIO DE CUSTOS DE COMPOSIÇÕES - ENCARGOS SOCIAIS SEM DESONERAÇÃO
A3: Mês de Referência: | B3: 06/20026 | D3: Encargos sociais sobre a mão de obra:
A4: Data de emissão: | B4: 46213 | D4: (SEM DESONERAÇÃO) | E4: PR
D5: Localidade | E5: CURITIBA
A6: Observação: | B6: %AS (porcentagem Atribuído São Paulo) corresponde a porcentagem do custo total da | D6: Horista | E6: 1.1628
B7: composição que foi obtida utilizando preços de insumos de São Paulo por indisponibilidade | D7: Mensalista | E7: 0.7242
B8: dos preços de insumos necessários à composição no estado em questão. Custo zerado (hífen)
B9: indica que pelo menos um dos itens da composição não tem custo/preço. | E9: PR
A10: Grupo | B10: Código da Composição | C10: Descrição | D10: Unidade | E10: Custo (R$)
A11: Acessibilidade | B11: 104658 | C11: PISO PODOTÁTIL DE ALERTA OU DIRECIONAL, DE CONCRETO, ASSENTADO SOBRE ARGAMASSA. AF_03/2024 | D11: M2 | E11: 158.55
A12: Acessibilidade | B12: 105002 | C12: RAMPA DE ACESSIBILIDADE EM CONCRETO MOLDADO IN LOCO, EM CALÇADA NOVA COM LARGURA MAIOR OU IGUAL À 3,00 M, FCK 25MPA, COM PISO PODOTÁTIL. AF_03/2024 | D12: UN | E12: 860.19
A13: Acessibilidade | B13: 105004 | C13: RAMPA DE ACESSIBILIDADE EM CONCRETO MOLDADO IN LOCO, EM CALÇADA NOVA COM LARGURA MENOR À 3,00 M, FCK 25MPA, COM PISO PODOTÁTIL. AF_03/2024 | D13: M2 | E13: 148.12
A14: Acessibilidade | B14: 105003 | C14: RAMPA DE ACESSIBILIDADE EM CONCRETO MOLDADO IN LOCO, EM CALÇADA PRÉ EXISTENTE COM LARGURA MAIOR OU IGUAL À 3,00 M, FCK 25MPA, COM PISO PODOTÁTIL. AF_03/2024 | D14: UN | E14: 1430.18
A15: Acessibilidade | B15: 105005 | C15: RAMPA DE ACESSIBILIDADE EM CONCRETO MOLDADO IN LOCO, EM CALÇADA PRÉ EXISTENTE COM LARGURA MENOR À 3,00 M, FCK 25MPA, COM PISO PODOTÁTIL. AF_03/2024 | D15: M2 | E15: 253.66
A16: Acessibilidade | B16: 105006 | C16: RAMPA DE ACESSIBILIDADE EM CONCRETO PRÉ MOLDADO, EM CALÇADA NOVA COM LARGURA MAIOR OU IGUAL À 3,00 M, FCK 25MPA, COM PISO PODOTÁTIL. AF_03/2024 | D16: UN | E16: 0
A17: Acessibilidade | B17: 104999 | C17: RAMPA DE ACESSIBILIDADE EM CONCRETO PRÉ MOLDADO, EM CALÇADA PRÉ EXISTENTE COM LARGURA MAIOR OU IGUAL À 3,00 M, FCK 25MPA, COM PISO PODOTÁTIL. AF_03/2024 | D17: UN | E17: 0
A18: Acessibilidade | B18: 105000 | C18: RAMPA DE ACESSIBILIDADE PARA ACESSO A EDIFICAÇÕES COM INCLINAÇÃO DE 8,33% EM CONCRETO MOLDADO IN LOCO, COM LARGURA DE 1,20M, FCK 25MPA, NÃO ARMADA, COM JUNTA A CADA 2M COM CORTE À SECO. AF_03/2024 | D18: M | E18: 1368.95
A19: Acessibilidade | B19: 105001 | C19: RAMPA DE ACESSIBILIDADE PARA ACESSO A EDIFICAÇÕES COM INCLINAÇÃO DE 8,33% EM CONCRETO MOLDADO IN LOCO, COM LARGURA DE 1,50M, FCK 25MPA, NÃO ARMADA, COM JUNTA A CADA 2M COM CORTE À SECO. AF_03/2024 | D19: M | E19: 1399.88
A20: Alvenaria Estrutural - Blocos Cerâmicos | B20: 89306 | C20: ALVENARIA ESTRUTURAL DE BLOCOS CERÂMICOS 14X19X29, (ESPESSURA DE 14 CM), UTILIZANDO COLHER DE PEDREIRO E ARGAMASSA DE ASSENTAMENTO COM PREPARO EM BETONEIRA. AF_03/2023 | D20: M2 | E20: 117.43
A21: Alvenaria Estrutural - Blocos Cerâmicos | B21: 89307 | C21: ALVENARIA ESTRUTURAL DE BLOCOS CERÂMICOS 14X19X29, (ESPESSURA DE 14 CM), UTILIZANDO COLHER DE PEDREIRO E ARGAMASSA DE ASSENTAMENTO COM PREPARO MANUAL. AF_03/2023 | D21: M2 | E21: 120.47
A22: Alvenaria Estrutural - Blocos Cerâmicos | B22: 89290 | C22: ALVENARIA ESTRUTURAL DE BLOCOS CERÂMICOS 14X19X29, (ESPESSURA DE 14 CM), UTILIZANDO PALHETA E ARGAMASSA DE ASSENTAMENTO COM PREPARO EM BETONEIRA. AF_03/2023 | D22: M2 | E22: 95.17
... A10464: Válvulas para Redes de Saneamento | B10464: 103548 | C10464: VÁLVULA REDUTORA DE PRESSÃO DE FERRO FUNDIDO PARA REDE DE ÁGUA, DN 80 MM, JUNTA FLANGEADA. AF_12/2021 | D10464: UN | E10464: 0

Sheet ISD
A1: SINAPI - Sistema Nacional de Pesquisa de Custos e Índices da Construção Civil
A2: RELATÓRIO DE PREÇOS DE INSUMOS - ENCARGOS SOCIAIS SEM DESONERAÇÃO
A3: Mês de Referência: | B3: 06/2026 | E3: Encargos sociais sobre a mão de obra:
A4: Data de emissão: | B4: 10/07/2026 | E4: (SEM DESONERAÇÃO) | F4: PR
E5: Localidade | F5: CURITIBA
A6: Origem de preço: | B6: C = COLETADO | C6: CR = COEFICIENTE DE REPRESENTATIVIDADE | E6: Horista | F6: 1.1628
A7: Preço em branco para determinado estado significa que não houve coleta mínima de preços no mês de referência | E7: Mensalista | F7: 0.7242
A9: Acessar Fichas de Especificação Técnico dos Insumos | E9: Preços Medianos (R$):
A10: Classificação | B10: Código do Insumo | C10: Descrição do Insumo | D10: Unidade | E10: Origem de Preço | F10: PR
A11: SERVIÇOS | B11: 45333 | C11: ABERTURA PARA ENCAIXE DE CUBA OU LAVATORIO EM BANCADA DE MARMORE/ GRANITO OU OUTRO TIPO DE PEDRA NATURAL | D11: UN | E11: CR | F11: 151.04
A12: MATERIAL | B12: 11270 | C12: ABRACADEIRA DE LATAO PARA FIXACAO DE CABO PARA-RAIO, DIMENSOES 32 X 24 X 24 MM | D12: UN | E12: CR | F12: 2.16
A13: MATERIAL | B13: 412 | C13: ABRACADEIRA DE NYLON PARA AMARRACAO DE CABOS, COMPRIMENTO DE *230* X *7,6* MM | D13: UN | E13: CR | F13: 1.08
A14: MATERIAL | B14: 414 | C14: ABRACADEIRA DE NYLON PARA AMARRACAO DE CABOS, COMPRIMENTO DE 100 X 2,5 MM | D14: UN | E14: CR | F14: 0.06
A15: MATERIAL | B15: 410 | C15: ABRACADEIRA DE NYLON PARA AMARRACAO DE CABOS, COMPRIMENTO DE 150 X *3,6* MM | D15: UN | E15: CR | F15: 0.16
A16: MATERIAL | B16: 411 | C16: ABRACADEIRA DE NYLON PARA AMARRACAO DE CABOS, COMPRIMENTO DE 200 X *4,6* MM | D16: UN | E16: C | F16: 0.21
A17: MATERIAL | B17: 408 | C17: ABRACADEIRA DE NYLON PARA AMARRACAO DE CABOS, COMPRIMENTO DE 390 X *4,6* MM | D17: UN | E17: CR | F17: 1.04
A18: MATERIAL | B18: 39131 | C18: ABRACADEIRA EM ACO PARA AMARRACAO DE ELETRODUTOS, TIPO D, COM 1 1/2" E CUNHA DE FIXACAO | D18: UN | E18: CR | F18: 4.76
A19: MATERIAL | B19: 394 | C19: ABRACADEIRA EM ACO PARA AMARRACAO DE ELETRODUTOS, TIPO D, COM 1 1/2" E PARAFUSO DE FIXACAO | D19: UN | E19: CR | F19: 4.82
A20: MATERIAL | B20: 39130 | C20: ABRACADEIRA EM ACO PARA AMARRACAO DE ELETRODUTOS, TIPO D, COM 1 1/4" E CUNHA DE FIXACAO | D20: UN | E20: CR | F20: 4.34
A21: MATERIAL | B21: 395 | C21: ABRACADEIRA EM ACO PARA AMARRACAO DE ELETRODUTOS, TIPO D, COM 1 1/4" E PARAFUSO DE FIXACAO | D21: UN | E21: CR | F21: 4.64
A22: MATERIAL | B22: 39129 | C22: ABRACADEIRA EM ACO PARA AMARRACAO DE ELETRODUTOS, TIPO D, COM 1" E CUNHA DE FIXACAO | D22: UN | E22: CR | F22: 2.68
... A55: MATERIAL | B55: 36246 | C55: ACABAMENTO SIMPLES/CONVENCIONAL PARA FORRO PVC, TIPO "U" OU "C", COR BRANCA, COMPRIMENTO 6 M | D55: M | E55: CR | F55: 4.18
A56: MATERIAL | B56: 37600 | C56: ACESSORIO DE LIGACAO NAO ELETRICO PARA CARGAS EXPLOSIVAS, TUBO DE 6 M | D56: UN | E56: CR
A57: MATERIAL | B57: 37599 | C57: ACESSORIO INICIADOR NAO ELETRICO, TUBO DE 6 M, TEMPO DE RETARDO DE *160* MS | D57: UN | E57: CR
A58: MATERIAL | B58: 1 | C58: ACETILENO - RECARGA DE GAS PARA CILINDRO (NAO INCLUI TROCA/MANUTENCAO DO CILINDRO) | D58: KG | E58: C | F58: 145
A59: MATERIAL | B59: 3 | C59: ACIDO CLORIDRICO / ACIDO MURIATICO, DILUICAO 10% A 12% PARA USO EM LIMPEZA | D59: L | E59: CR | F59: 17.15
A60: MATERIAL | B60: 43054 | C60: ACO CA-25, 10,0 MM, OU 12,5 MM, OU 16,0 MM, OU 20,0 MM, OU 25,0 MM, VERGALHAO | D60: KG | E60: CR | F60: 8.54
A61: MATERIAL | B61: 42402 | C61: ACO CA-25, 16,0 MM, BARRA DE TRANSFERENCIA | D61: KG | E61: CR | F61: 8.17
A62: MATERIAL | B62: 42403 | C62: ACO CA-25, 20,0 MM, BARRA DE TRANSFERENCIA | D62: KG | E62: CR | F62: 10.48
A63: MATERIAL | B63: 42404 | C63: ACO CA-25, 25,0 MM, BARRA DE TRANSFERENCIA | D63: KG | E63: CR | F63: 10.42
A64: MATERIAL | B64: 42405 | C64: ACO CA-25, 32,0 MM, BARRA DE TRANSFERENCIA | D64: KG | E64: CR | F64: 11.1
A65: MATERIAL | B65: 34341 | C65: ACO CA-25, 32,0 MM, VERGALHAO | D65: KG | E65: CR | F65: 9.63
A66: MATERIAL | B66: 43053 | C66: ACO CA-25, 6,3 MM OU 8,0 MM, VERGALHAO | D66: KG | E66: CR | F66: 7.63
A67: MATERIAL | B67: 43058 | C67: ACO CA-50, 10,0 MM, OU 12,5 MM, OU 16,0 MM, OU 20,0 MM, DOBRADO E CORTADO | D67: KG | E67: CR | F67: 7.91
A68: MATERIAL | B68: 34 | C68: ACO CA-50, 10,0 MM, VERGALHAO | D68: KG | E68: CR | F68: 7.95
A69: MATERIAL | B69: 43055 | C69: ACO CA-50, 12,5 MM OU 16,0 MM, VERGALHAO | D69: KG | E69: C | F69: 6.89
... A78: MATERIAL | B78: 43060 | C78: ACO CA-60, 8,0 MM OU 9,5 MM, VERGALHAO | D78: KG | E78: CR | F78: 6.56
A79: MATERIAL | B79: 40410 | C79: ACOPLAMENTO RIGIDO EM FERRO FUNDIDO PARA SISTEMA DE TUBULACAO RANHURADA, DN 50 MM (2") | D79: UN | E79: C
A80: MATERIAL | B80: 40411 | C80: ACOPLAMENTO RIGIDO EM FERRO FUNDIDO PARA SISTEMA DE TUBULACAO RANHURADA, DN 65 MM (2 1/2") | D80: UN | E80: CR
A81: MATERIAL | B81: 40412 | C81: ACOPLAMENTO RIGIDO EM FERRO FUNDIDO PARA SISTEMA DE TUBULACAO RANHURADA, DN 80 MM (3") | D81: UN | E81: CR
A82: MATERIAL | B82: 44254 | C82: ADAPTADOR CPVC, ROSCAVEL, COM FLANGES E ANEL DE VEDACAO, 15 MM, CAIXA D'AGUA PARA AGUA QUENTE | D82: UN | E82: CR | F82: 34.36
A83: MATERIAL | B83: 44255 | C83: ADAPTADOR CPVC, ROSCAVEL, COM FLANGES E ANEL DE VEDACAO, 22 MM, CAIXA D'AGUA PARA AGUA QUENTE | D83: UN | E83: CR | F83: 38.09
A84: MATERIAL | B84: 44256 | C84: ADAPTADOR CPVC, ROSCAVEL, COM FLANGES E ANEL DE VEDACAO, 28 MM, CAIXA D'AGUA PARA AGUA QUENTE | D84: UN | E84: CR | F84: 43.02
A85: MATERIAL | B85: 44257 | C85: ADAPTADOR CPVC, ROSCAVEL, COM FLANGES E ANEL DE VEDACAO, 35 MM, CAIXA D'AGUA PARA AGUA QUENTE | D85: UN | E85: CR | F85: 68.06
A86: MATERIAL | B86: 44258 | C86: ADAPTADOR CPVC, ROSCAVEL, COM FLANGES E ANEL DE VEDACAO, 42 MM, CAIXA D'AGUA PARA AGUA QUENTE | D86: UN | E86: CR | F86: 77.78
A87: MATERIAL | B87: 44259 | C87: ADAPTADOR CPVC, ROSCAVEL, COM FLANGES E ANEL DE VEDACAO, 54 MM, CAIXA D'AGUA PARA AGUA QUENTE | D87: UN | E87: CR | F87: 106.77
A88: MATERIAL | B88: 37997 | C88: ADAPTADOR CPVC, SOLDAVEL, 15 MM, PARA AGUA QUENTE | D88: UN | E88: CR | F88: 20.48
A89: MATERIAL | B89: 37998 | C89: ADAPTADOR CPVC, SOLDAVEL, 22 MM, PARA AGUA QUENTE | D89: UN | E89: CR | F89: 27.41
A90: MATERIAL | B90: 55 | C90: ADAPTADOR DE COMPRESSAO EM POLIPROPILENO (PP), PARA TUBO EM PEAD, 20 MM X 1/2", PARA LIGACAO PREDIAL DE AGUA (NTS 179) | D90: UN | E90: C
A91: MATERIAL | B91: 61 | C91: ADAPTADOR DE COMPRESSAO EM POLIPROPILENO (PP), PARA TUBO EM PEAD, 20 MM X 3/4", PARA LIGACAO PREDIAL DE AGUA (NTS 179) | D91: UN | E91: CR
A92: MATERIAL | B92: 62 | C92: ADAPTADOR DE COMPRESSAO EM POLIPROPILENO (PP), PARA TUBO EM PEAD, 32 MM X 1", PARA LIGACAO PREDIAL DE AGUA (NTS 179) | D92: UN | E92: CR
A93: MATERIAL | B93: 10899 | C93: ADAPTADOR EM LATAO, ENGATE RAPIDO 2 1/2" X ROSCA INTERNA 5 FIOS 2 1/2", PARA INSTALACAO PREDIAL DE COMBATE A INCENDIO | D93: UN | E93: CR | F93: 153.33
A94: MATERIAL | B94: 10900 | C94: ADAPTADOR EM LATAO, ENGATE RAPIDO1 1/2" X ROSCA INTERNA 5 FIOS 2 1/2", PARA INSTALACAO PREDIAL DE COMBATE A INCENDIO | D94: UN | E94: CR | F94: 119.99
A95: MATERIAL | B95: 47 | C95: ADAPTADOR PVC PBA, BOLSA/ROSCA, JE, DN 100 / DE 110 MM | D95: UN | E95: CR
A96: MATERIAL | B96: 48 | C96: ADAPTADOR PVC PBA, BOLSA/ROSCA, JE, DN 50 / DE 60 MM | D96: UN | E96: CR
A97: MATERIAL | B97: 46 | C97: ADAPTADOR PVC PBA, BOLSA/ROSCA, JE, DN 75 / DE 85 MM | D97: UN | E97: CR
A98: MATERIAL | B98: 52 | C98: ADAPTADOR PVC PBA, PONTA/ROSCA, JE, DN 50 / DE 60 MM | D98: UN | E98: CR
A99: MATERIAL | B99: 43 | C99: ADAPTADOR PVC PBA, PONTA/ROSCA, JE, DN 75 / DE 85 MM | D99: UN | E99: CR
A100: MATERIAL | B100: 103 | C100: ADAPTADOR PVC SOLDAVEL CURTO COM BOLSA E ROSCA, 110 MM X 4", PARA AGUA FRIA | D100: UN | E100: CR | F100: 42.6
A101: MATERIAL | B101: 107 | C101: ADAPTADOR PVC SOLDAVEL CURTO COM BOLSA E ROSCA, 20 MM X 1/2", PARA AGUA FRIA | D101: UN | E101: CR | F101: 0.8
A102: MATERIAL | B102: 65 | C102: ADAPTADOR PVC SOLDAVEL CURTO COM BOLSA E ROSCA, 25 MM X 3/4", PARA AGUA FRIA | D102: UN | E102: CR | F102: 0.88
A103: MATERIAL | B103: 108 | C103: ADAPTADOR PVC SOLDAVEL CURTO COM BOLSA E ROSCA, 32 MM X 1", PARA AGUA FRIA | D103: UN | E103: CR | F103: 1.76
A104: MATERIAL | B104: 110 | C104: ADAPTADOR PVC SOLDAVEL CURTO COM BOLSA E ROSCA, 40 MM X 1 1/2", PARA AGUA FRIA | D104: UN | E104: CR | F104: 6.13
A105: MATERIAL | B105: 109 | C105: ADAPTADOR PVC SOLDAVEL CURTO COM BOLSA E ROSCA, 40 MM X 1 1/4", PARA AGUA FRIA | D105: UN | E105: CR | F105: 3.65
A106: MATERIAL | B106: 111 | C106: ADAPTADOR PVC SOLDAVEL CURTO COM BOLSA E ROSCA, 50 MM X 1 1/4", PARA AGUA FRIA | D106: UN | E106: CR | F106: 8.29
A107: MATERIAL | B107: 112 | C107: ADAPTADOR PVC SOLDAVEL CURTO COM BOLSA E ROSCA, 50 MM X1 1/2", PARA AGUA FRIA | D107: UN | E107: CR | F107: 4.39
A108: MATERIAL | B108: 113 | C108: ADAPTADOR PVC SOLDAVEL CURTO COM BOLSA E ROSCA, 60 MM X 2", PARA AGUA FRIA | D108: UN | E108: CR | F108: 11
A109: MATERIAL | B109: 104 | C109: ADAPTADOR PVC SOLDAVEL CURTO COM BOLSA E ROSCA, 75 MM X 2 1/2", PARA AGUA FRIA | D109: UN | E109: CR | F109: 19.14
A110: MATERIAL | B110: 102 | C110: ADAPTADOR PVC SOLDAVEL CURTO COM BOLSA E ROSCA, 85 MM X 3", PARA AGUA FRIA | D110: UN | E110: CR | F110: 26.39
A111: MATERIAL | B111: 95 | C111: ADAPTADOR PVC SOLDAVEL, COM FLANGE E ANEL DE VEDACAO, 20 MM X 1/2", PARA CAIXA D'AGUA | D111: UN | E111: CR | F111: 11.15
... A115: MATERIAL | B115: 99 | C115: ADAPTADOR PVC SOLDAVEL, COM FLANGE E ANEL DE VEDACAO, 50 MM X 1 1/2", PARA CAIXA D'AGUA | D115: UN | E115: CR | F115: 25.82
A116: MATERIAL | B116: 60 | C116: ADAPTADOR PVC, COM REGISTRO, PARA PEAD, 20 MM X 3/4", PARA LIGACAO PREDIAL DE AGUA | D116: UN | E116: CR
A117: MATERIAL | B117: 72 | C117: ADAPTADOR PVC, ROSCAVEL, COM FLANGES E ANEL DE VEDACAO, 1 1/2", PARA CAIXA D'AGUA | D117: UN | E117: CR | F117: 49.53
A118: MATERIAL | B118: 71 | C118: ADAPTADOR PVC, ROSCAVEL, COM FLANGES E ANEL DE VEDACAO, 1", PARA CAIXA D'AGUA | D118: UN | E118: CR | F118: 30.59
A119: MATERIAL | B119: 67 | C119: ADAPTADOR PVC, ROSCAVEL, COM FLANGES E ANEL DE VEDACAO, 1/2", PARA CAIXA D'AGUA | D119: UN | E119: CR | F119: 16.01
A120: MATERIAL | B120: 73 | C120: ADAPTADOR PVC, ROSCAVEL, COM FLANGES E ANEL DE VEDACAO, 3/4", PARA CAIXA D'AGUA | D120: UN | E120: CR | F120: 15.32
A121: MATERIAL | B121: 100 | C121: ADAPTADOR PVC, SOLDAVEL, COM FLANGES E ANEL DE VEDACAO, 60 MM X 2", PARA CAIXA D'AGUA | D121: UN | E121: CR | F121: 45.12
A122: MATERIAL | B122: 75 | C122: ADAPTADOR PVC, SOLDAVEL, COM FLANGES LIVRES, 110 MM X 4", PARA CAIXA D'AGUA | D122: UN | E122: CR | F122: 263.07
A123: MATERIAL | B123: 83 | C123: ADAPTADOR PVC, SOLDAVEL, COM FLANGES LIVRES, 75 MM X 2 1/2", PARA CAIXA D'AGUA | D123: UN | E123: CR | F123: 210.32
A124: MATERIAL | B124: 74 | C124: ADAPTADOR PVC, SOLDAVEL, COM FLANGES LIVRES, 85 MM X 3", PARA CAIXA D'AGUA | D124: UN | E124: CR | F124: 300.69
A125: MATERIAL | B125: 106 | C125: ADAPTADOR PVC, SOLDAVEL, LONGO, COM FLANGE LIVRE, 110 MM X 4", PARA CAIXA D'AGUA | D125: UN | E125: CR | F125: 380.24
A126: MATERIAL | B126: 88 | C126: ADAPTADOR PVC, SOLDAVEL, LONGO, COM FLANGE LIVRE, 32 MM X 1", PARA CAIXA D'AGUA | D126: UN | E126: CR | F126: 10.68
A127: MATERIAL | B127: 82 | C127: ADAPTADOR PVC, SOLDAVEL, LONGO, COM FLANGE LIVRE, 75 MM X 2 1/2", PARA CAIXA D'AGUA | D127: UN | E127: CR | F127: 200.1
A128: MATERIAL | B128: 105 | C128: ADAPTADOR PVC, SOLDAVEL, LONGO, COM FLANGE LIVRE, 85 MM X 3", PARA CAIXA D'AGUA | D128: UN | E128: CR | F128: 283.54
... A147: MATERIAL | B147: 43618 | C147: ADITIVO SUPERPLASTIFICANTE DE PEGA NORMAL PARA CONCRETO, LIQUIDO E ISENTO DE CLORETOS | D147: KG | E147: CR | F147: 18.81
A148: MATERIAL | B148: 37476 | C148: ADUELA/ GALERIA PRE-MOLDADA DE CONCRETO ARMADO, SECAO QUADRADA INTERNA DE 1,50 X 1,50 M (L X A), MISULA DE 20 X 20 CM, C = 1,00 M, ESPESSURA MIN = 15 CM, TB-45 E FCK DO CONCRETO = 30 MPA | D148: UN | E148: CR
A149: MATERIAL | B149: 37478 | C149: ADUELA/ GALERIA PRE-MOLDADA DE CONCRETO ARMADO, SECAO RETANGULAR INTERNA DE 2,00 X 2,00 M (L X A), MISULA DE 20 X 20 CM, C = 1,00 M, ESPESSURA MIN = 15 CM, TB-45 E FCK DO CONCRETO = 30 MPA | D149: UN | E149: CR
A150: MATERIAL | B150: 37477 | C150: ADUELA/ GALERIA PRE-MOLDADA DE CONCRETO ARMADO, SECAO RETANGULAR INTERNA DE 2,50 X 2,50 M (L X A), MISULA DE 20 X 20 CM, C = 1,00 M, ESPESSURA MIN = 15 CM, TB-45 E FCK DO CONCRETO = 30 MPA | D150: UN | E150: CR
A151: MATERIAL | B151: 37479 | C151: ADUELA/ GALERIA PRE-MOLDADA DE CONCRETO ARMADO, SECAO RETANGULAR INTERNA DE 3,00 X 3,00 M (L X A), MISULA DE 20 X 20 CM, C = 1.00 M, ESPESSURA MIN = 20 CM, TB-45 E FCK DO CONCRETO = 30 MPA | D151: UN | E151: CR
A152: MATERIAL | B152: 4319 | C152: AFASTADOR PARA TELHA DE FIBROCIMENTO CANALETE 90 OU KALHETAO | D152: UN | E152: CR | F152: 1.22
A153: MATERIAL | B153: 42409 | C153: AGENTE DE CURA, PROTETOR DA EVAPORACAO DA AGUA DE HIDRATACAO DO CONCRETO | D153: KG | E153: CR | F153: 11.84
A154: MATERIAL | B154: 40553 | C154: AGREGADO RECICLADO, TIPO RACHAO RECICLADO CINZA, CLASSE A | D154: M3 | E154: C | F154: 38.5
A155: MAO DE OBRA | B155: 6114 | C155: AJUDANTE DE ARMADOR (HORISTA) | D155: H | E155: CR | F155: 22.16
A156: MAO DE OBRA | B156: 40912 | C156: AJUDANTE DE ARMADOR (MENSALISTA) | D156: MES | E156: CR | F156: 3890.89
A157: MAO DE OBRA | B157: 247 | C157: AJUDANTE DE ELETRICISTA (HORISTA) | D157: H | E157: CR | F157: 22.16
A158: MAO DE OBRA | B158: 40919 | C158: AJUDANTE DE ELETRICISTA (MENSALISTA) | D158: MES | E158: CR | F158: 3890.89
A159: MAO DE OBRA | B159: 44499 | C159: AJUDANTE DE ESTRUTURAS METALICAS (HORISTA) | D159: H | E159: CR | F159: 22.16
A160: MAO DE OBRA | B160: 40984 | C160: AJUDANTE DE ESTRUTURAS METALICAS (MENSALISTA) | D160: MES | E160: CR | F160: 3890.89
A161: MAO DE OBRA | B161: 248 | C161: AJUDANTE DE OPERACAO EM GERAL (HORISTA) | D161: H | E161: CR | F161: 21.77
A162: MAO DE OBRA | B162: 41086 | C162: AJUDANTE DE OPERACAO EM GERAL (MENSALISTA) | D162: MES | E162: CR | F162: 3819.8
...
